Workbook

Sheet A.1
A1: ALOKASI PEMBAGIAN DAN PENYALURAN DANA OTONOMI KHUSUS
A2: ANTARA PROVINSI DAN KABUPATEN/KOTA ATAU NAMA LAIN
A3: TAHUN ANGGARAN 2018
A5: PROVINSI : PAPUA
A6: PENERIMAAN : Rp5.620.854.115.000 | K6: Tabel A.1
A9: NO. | B9: U R A I A N | C9: PERMINTAAN PENYALURAN TAHAP I | F9: PERMINTAAN PENYALURAN TAHAP II | I9: PERMINTAAN PENYALURAN TAHAP I | L9: KET
C10: ALOKASI ANGGARAN (Rp. ) | E10: PROSENTASE ALOKASI ANGGARAN ( % ) | F10: ALOKASI ANGGARAN (Rp.) | G10: REALISASI PENYALURAN (Rp.) | H10: PROSENTASE REALISASI PENYALURAN (%) | I10: ALOKASI ANGGARAN (Rp.) | J10: REALISASI PENYALURAN (Rp.) | K10: PROSENTASE REALISASI PENYALURAN (%)
A12: (1) | B12: (2) | C12: (3) | E12: (4) | F12: (5) | G12: (6) | H12: (7) | I12: (8) | J12: (9) | K12: (10) | L12: (11)
A13: I. | B13: PROVINSI PAPUA | C13: 772294717000 | D13: 5580152407000 | E13: =C13/D13*100 -> 13.840029 | F13: 772294717000 | G13: =30/100*F13 -> 231688415100 | H13: =+G13/F13*100 -> 30 | I13: 772294717000 | J13: =I13 -> 772294717000 | K13: =J13/I13*100 -> 100
A14: II. | B14: KABUPATEN/KOTA | C14: =SUM(C15:C43) -> 3089178868000 | D14: 5580152407000 | E14: =C14/D14*100 -> 55.360116 | F14: =SUM(F15:F43) -> 3089178868000 | G14: =30/100*F14 -> 926753660400 | H14: =+G14/F14*100 -> 30 | I14: 3089178868000 | J14: =I14 -> 3089178868000 | K14: =J14/I14*100 -> 100
B15: 1. KABUPATEN MERAUKE | C15: 102513472000 | D15: 5580152407000 | E15: =C15/D15*100 -> 1.8371088 | F15: 102513472000 | G15: =30/100*F15 -> 30754041600 | H15: =+G15/F15*100 -> 30 | I15: 102513472000 | J15: =I15 -> 102513472000 | K15: =J15/I15*100 -> 100
B16: 2. KABUPATEN JAYAWIJAYA | C16: 117040104000 | D16: 5580152407000 | E16: =C16/D16*100 -> 2.0974356 | F16: 117040104000 | G16: =30/100*F16 -> 35112031200 | H16: =+G16/F16*100 -> 30 | I16: 117040104000 | J16: =I16 -> 117040104000 | K16: =J16/I16*100 -> 100
B17: 3. KABUPATEN JAYAPURA | C17: 103583972000 | D17: 5580152407000 | E17: =C17/D17*100 -> 1.8562929 | F17: 103583972000 | G17: =30/100*F17 -> 31075191600 | H17: =+G17/F17*100 -> 30 | I17: 103583972000 | J17: =I17 -> 103583972000 | K17: =J17/I17*100 -> 100
B18: 4. KABUPATEN NABIRE | C18: 100989297000 | D18: 5580152407000 | E18: =C18/D18*100 -> 1.8097946 | F18: 100989297000 | G18: =30/100*F18 -> 30296789100 | H18: =+G18/F18*100 -> 30 | I18: 100989297000 | J18: =I18 -> 100989297000 | K18: =J18/I18*100 -> 100
B19: 5. KABUPATEN KEP. YAPEN | C19: 94656505000 | D19: 5580152407000 | E19: =C19/D19*100 -> 1.6963068 | F19: 94656505000 | G19: =30/100*F19 -> 28396951500 | H19: =+G19/F19*100 -> 30 | I19: 94656505000 | J19: =I19 -> 94656505000 | K19: =J19/I19*100 -> 100
B20: 6. KABUPATEN BIAK NUMFOR | C20: 100104193000 | D20: 5580152407000 | E20: =C20/D20*100 -> 1.793933 | F20: 100104193000 | G20: =30/100*F20 -> 30031257900 | H20: =+G20/F20*100 -> 30 | I20: 100104193000 | J20: =I20 -> 100104193000 | K20: =J20/I20*100 -> 100
B21: 7. KABUPATEN PANIAI | C21: 115559753000 | D21: 5580152407000 | E21: =C21/D21*100 -> 2.0709068 | F21: 115559753000 | G21: =30/100*F21 -> 34667925900 | H21: =+G21/F21*100 -> 30 | I21: 115559753000 | J21: =I21 -> 115559753000 | K21: =J21/I21*100 -> 100
B22: 8. KABUPATEN PUNCAK JAYA | C22: 128559753000 | D22: 5580152407000 | E22: =C22/D22*100 -> 2.3038753 | F22: 128559753000 | G22: =30/100*F22 -> 38567925900 | H22: =+G22/F22*100 -> 30 | I22: 128559753000 | J22: =I22 -> 128559753000 | K22: =J22/I22*100 -> 100
B23: 9. KABUPATEN MIMIKA | C23: 100956195000 | D23: 5580152407000 | E23: =C23/D23*100 -> 1.8092014 | F23: 100956195000 | G23: =30/100*F23 -> 30286858500 | H23: =+G23/F23*100 -> 30 | I23: 100956195000 | J23: =I23 -> 100956195000 | K23: =J23/I23*100 -> 100
B24: 10. KABUPATEN BOVEN DIGOEL | C24: 100456545000 | D24: 5580152407000 | E24: =C24/D24*100 -> 1.8002473 | F24: 100456545000 | G24: =30/100*F24 -> 30136963500 | H24: =+G24/F24*100 -> 30 | I24: 100456545000 | J24: =I24 -> 100456545000 | K24: =J24/I24*100 -> 100
B25: 11. KABUPATEN MAPPI | C25: 104091290000 | D25: 5580152407000 | E25: =C25/D25*100 -> 1.8653844 | F25: 104091290000 | G25: =30/100*F25 -> 31227387000 | H25: =+G25/F25*100 -> 30 | I25: 104091290000 | J25: =I25 -> 104091290000 | K25: =J25/I25*100 -> 100
B26: 12. KABUPATEN ASMAT | C26: 105686147000 | D26: 5580152407000 | E26: =C26/D26*100 -> 1.8939652 | F26: 105686147000 | G26: =30/100*F26 -> 31705844100 | H26: =+G26/F26*100 -> 30 | I26: 105686147000 | J26: =I26 -> 105686147000 | K26: =J26/I26*100 -> 100
... B43: 29. KOTA JAYAPURA | C43: 95555051000 | D43: 5580152407000 | E43: =C43/D43*100 -> 1.7124093 | F43: 95555051000 | G43: =30/100*F43 -> 28666515300 | H43: =+G43/F43*100 -> 30 | I43: 95555051000 | J43: =I43 -> 95555051000 | K43: =J43/I43*100 -> 100
A44: III | B44: PROSPEK | C44: 522710000000 | D44: 5580152407000 | E44: =C44/D44*100 -> 9.3673069 | F44: 522710000000 | G44: =30%*C44 -> 156813000000 | H44: =+G44/F44*100 -> 30 | I44: 522710000000 | J44: =I44 -> 522710000000 | K44: =J44/I44*100 -> 100
B45: KPS | C45: 270000000000 | D45: 5580152407000 | E45: =C45/D45*100 -> 4.8385775 | F45: 270000000000 | G45: =30%*C45 -> 81000000000 | H45: =+G45/F45*100 -> 30 | I45: 270000000000 | J45: =I45 -> 270000000000 | K45: =J45/I45*100 -> 100
B46: GERBANGMAS | C46: 200000000000 | D46: 5580152407000 | E46: =C46/D46*100 -> 3.5841315 | F46: 200000000000 | G46: =30%*C46 -> 60000000000 | H46: =+G46/F46*100 -> 30 | I46: 200000000000 | J46: =I46 -> 200000000000 | K46: =J46/I46*100 -> 100
B47: PERUMAHAN RAKYAT | C47: 80000000000 | D47: 5580152407000 | E47: =C47/D47*100 -> 1.4336526 | F47: 80000000000 | G47: =30%*C47 -> 24000000000 | H47: =+G47/F47*100 -> 30 | I47: 80000000000 | J47: =I47 -> 80000000000 | K47: =J47/I47*100 -> 100
B48: PENDIDIKAN | C48: 495968822000 | D48: 5580152407000 | E48: =C48/D48*100 -> 8.8880874 | F48: 495968822000 | G48: =30%*C48 -> 148790646600 | H48: =+G48/F48*100 -> 30 | I48: 536670530000 | J48: =I48 -> 536670530000 | K48: =J48/I48*100 -> 100
B49: BANGGA PAPUA | C49: 150000000000 | D49: 5580152407000 | E49: =C49/D49*100 -> 2.6880986 | F49: 150000000000 | G49: =30%*C49 -> 45000000000 | H49: =+G49/F49*100 -> 30 | I49: 150000000000 | J49: =I49 -> 150000000000 | K49: =J49/I49*100 -> 100
B50: JUMLAH | C50: =+C44+C45+C46+C47+C48+C49+C14+C13+#REF! -> #REF! | D50: 5580152407000 | E50: =C50/C50*100 -> #REF! | F50: =+F44+F45+F46+F47+F48+F49+F14+F13+#REF! -> #REF! | G50: =+#REF!+G49+G48+G47+G46+G45+G44+G14+G13 -> #REF! | H50: =+G50/F50*100 -> #REF! | I50: 5620854115000 | J50: =I50 -> 5620854115000 | K50: =J50/I50*100 -> 100

Sheet A.2
C1: ALOKASI PEMBAGIAN DAN PENYALURAN DANA OTONOMI KHUSUS
C2: ANTARA PROVINSI DAN KABUPATEN/KOTA ATAU NAMA LAIN
C3: TAHUN ANGGARAN 2019
C5: PROVINSI : PAPUA
C6: PENERIMAAN : Rp 5.850.230.158.000,00 | M6: Tabel A.2
C9: NO. | D9: U R A I A N | E9: PERMINTAAN PENYALURAN TAHAP I | H9: PERMINTAAN PENYALURAN TAHAP II | K9: PERMINTAAN PENYALURAN TAHAP III | N9: KET
E10: ALOKASI ANGGARAN (Rp. ) | G10: PROSENTASE ALOKASI ANGGARAN ( % ) | H10: ALOKASI ANGGARAN (Rp.) | I10: REALISASI PENYALURAN (Rp.) | J10: PROSENTASE REALISASI PENYALURAN (%) | K10: ALOKASI ANGGARAN (Rp.) | L10: REALISASI PENYALURAN (Rp.) | M10: PROSENTASE REALISASI PENYALURAN (%)
C12: (1) | D12: (2) | E12: (3) | G12: (4) | H12: (5) | I12: (6) | J12: (7) | K12: (8) | L12: (9) | M12: (10) | N12: (11)
C15: I. | D15: PROVINSI PAPUA | E15: =+A.4!E15 -> 389351314600 | F15: 5850230158000 | G15: =E15/F15*100 -> 6.6553162
C16: II. | D16: KABUPATEN/KOTA | E16: =SUM(E17:E45) -> 1.5574053e+12 | F16: 5850230158000 | G16: =E16/F16*100 -> 26.621265
D17: 1. KABUPATEN MERAUKE | E17: 4.8495887e+10 | F17: 5850230158000 | G17: =E17/F17*100 -> 0.82895691
D18: 2. KABUPATEN JAYAWIJAYA | E18: 5.1356988e+10 | F18: 5850230158000 | G18: =E18/F18*100 -> 0.87786268
D19: 3. KABUPATEN JAYAPURA | E19: 4.6073464e+10 | F19: 5850230158000 | G19: =E19/F19*100 -> 0.78754959
D20: 4. KABUPATEN NABIRE | E20: 4.5756973e+10 | F20: 5850230158000 | G20: =E20/F20*100 -> 0.78213971
D21: 5. KABUPATEN KEP. YAPEN | E21: 4.5992775e+10 | F21: 5850230158000 | G21: =E21/F21*100 -> 0.78617036
D22: 6. KABUPATEN BIAK NUMFOR | E22: 3.2258637e+10 | F22: 5850230158000 | G22: =E22/F22*100 -> 0.55140799
D23: 7. KABUPATEN PANIAI | E23: 6.4189783e+10 | F23: 5850230158000 | G23: =E23/F23*100 -> 1.0972181
D24: 8. KABUPATEN PUNCAK JAYA | E24: 6.4622624e+10 | F24: 5850230158000 | G24: =E24/F24*100 -> 1.1046168
D25: 9. KABUPATEN MIMIKA | E25: 3.1309837e+10 | F25: 5850230158000 | G25: =E25/F25*100 -> 0.53518983
D26: 10. KABUPATEN BOVEN DIGOEL | E26: 5.9981998e+10 | F26: 5850230158000 | G26: =E26/F26*100 -> 1.025293
D27: 11. KABUPATEN MAPPI | E27: 6.1685777e+10 | F27: 5850230158000 | G27: =E27/F27*100 -> 1.0544162
D28: 12. KABUPATEN ASMAT | E28: 6.1939362e+10 | F28: 5850230158000 | G28: =E28/F28*100 -> 1.0587509
... D45: 29. KOTA JAYAPURA | E45: 31867021099 | F45: 5850230158000 | G45: =E45/F45*100 -> 0.54471397
C46: III | D46: URUSAN BERSAMA | E46: =SUM(E47:E67) -> 3861473585000 | F46: 5850230158000 | G46: =+E46/F46*100 -> 66.005499
D47: DINAS PENDIDIKAN | E47: 1033246526900 | F47: 5850230158000 | G47: =E47/F47*100 -> 17.661639
D48: DINAS KESEHATAN | E48: 156991000000 | F48: 5850230158000 | G48: =E48/F48*100 -> 2.6835013
D49: RUMAS SAKIT UMUM DAERAH JAYAPURA | E49: 291000000000 | F49: 5850230158000 | G49: =E49/F49*100 -> 4.9741633
D50: RUMAH SAKIT UMUM DAERAH ABEPURA | E50: 140000000000 | F50: 5850230158000 | G50: =E50/F50*100 -> 2.3930682
D51: RUMA SAKIT JIWA ABEPURA | E51: 50000000000 | F51: 5850230158000 | G51: =E51/F51*100 -> 0.85466723
D52: BADAN KESATUAN BANGSA DAN POLITIK | E52: 10000000000 | F52: 5850230158000 | G52: =E52/F52*100 -> 0.17093345
D53: DINAS SOSIAL, KEPENDUDUKAN DAN CATATAN SIPIL | E53: 1000000000 | F53: 5850230158000 | G53: =E53/F53*100 -> 0.017093345
D54: DINAS KOMUNIKASI DAN INFORMATIKA | E54: 6328812000 | F54: 5850230158000 | G54: =E54/F54*100 -> 0.10818056
D55: DINAS KOPERASI, USAHA KECIL DAN MENENGAH' | E55: 5000000000 | F55: 5850230158000 | G55: =E55/F55*100 -> 0.085466723
D56: DINAS PEMUDA DAN OLAHRAGA | E56: 665934875510 | F56: 5850230158000 | G56: =E56/F56*100 -> 11.383054
D57: DINAS KELAUTAN DAN PERIKANAN | E57: 8000000000 | F57: 5850230158000 | G57: =E57/F57*100 -> 0.13674676
D58: DINAS PARIWISATA | E58: 5000000000 | F58: 5850230158000 | G58: =E58/F58*100 -> 0.085466723
... D67: BPKAD (BTL) | E67: 1129203534590 | F67: 5850230158000 | G67: =E67/F67*100 -> 19.301865
C68: IV | D68: YANG BELUM DI JABARKAN DALAM PROG/KEG | E68: =+A.4!E713 -> 42000000000 | F68: 5850230158000 | G68: =E68/F68*100 -> 0.71792047
D69: JUMLAH | E69: =+E15+E16+E46+E68 -> 5850230158000 | F69: 5580152407000 | G69: =E69/E69*100 -> 100

Sheet A.3
C3: REKAPITULASI ALOKASI DAN REALISASI PENGGUNAAN DANA OTONOMI KHUSUS
C4: DIURAIKAN BERDASARKAN, ORGANISASI, PROGRAM/KEGIATAN PROVINSI DAN KABUPATEN/KOTA ATAU NAMA LAIN
C5: TAHUN ANGGARAN 2018
C7: PROVINSI : PAPUA | H7: Tabel A.3
C8: PENERIMAAN : Rp5.620.854.115.000
C10: NO. | D10: U R A I A N | E10: PERMINTAAN PENYALURAN TAHAP I | I10: KET
E11: ALOKASI ANGGARAN 2018 (Rp.) | F11: REALISASI ANGGARAN 2018 (Rp.) | G11: PROSENTASE REALISASI ANGGARAN (%) | H11: CAPAIAN OUTPUT ( %)
C12: (1) | D12: (2) | E12: (9) | F12: (10) | G12: (11) | H12: (12)
C15: A | D15: PROVINSI | E15: =E16+E85+E162+E182+E197+E216+E233+E258+E277+E291+E311+E327+E345+E358+E362+E384+E403+E425+E462+E490+E516+E537+E555+E566+E570+E574+E606+E624+E631+E645+E659+E663+E670+E675 -> 772294717000 | F15: =+F16+F85+F162+F182+F197+F216+F233+F258+F277+F291+F311+F327+F345+F358+F362+F384+F403+F425+F462+F490+F516+F537+F555+F566+F570+F574+F606+F624+F631+F645+F659+F670+F675 -> 6.8369114e+11 | G15: =+F15/E15*100 -> 88.527233 | H15: =(H16+H85+H162+H182+H197+H216+H233+H258+H277+H291+H311+H327+H345+H358+H362+H384+H403+H425+H462+H490+H516+H537+H555+H566+H570+H574+H606+H624+H645+H659+H663+H670+H675)/33 -> 91.361503
D16: Dinas Pendidikan | E16: =+E17+E29+E26+E34+E43+E60+E63+E71 -> 113555068526 | F16: =+F17+F26+F29+F34+F43+F60+F63+F71 -> 77732318264 | G16: =+F16/E16*100 -> 68.453411 | H16: =(H17+H26+H29+H34+H43+H60+H63+H71)/8 -> 77.075861
D17: Program Pendidikan Menengah Atas | E17: 7770200000 | F17: =SUM(F18:F25) -> 6916445112 | G17: =+F17/E17*100 -> 89.012446 | H17: =SUM((H18:H25))/8 -> 87.499748
D18: Penerapan dan Pelatihan MBS SMA | E18: 704000000 | F18: 704000000 | G18: =+F18/E18*100 -> 100 | H18: =+G18 -> 100
D19: Lomba Debat Bahasa Inggris dan bahasa Indonesia | E19: 724300000 | F19: 724285400 | G19: =+F19/E19*100 -> 99.997984 | H19: =+G19 -> 99.997984
D20: Pengembangan Materi Belajar Mengajar Menggunakan Teknologi Informasi dan Komunikasi | E20: 705250000 | G20: =+F20/E20*100 -> 0 | H20: =+G20 -> 0
D21: Lomba Kompetensi Siswa SMA Tingkat Prov dan Tk.Nasional | E21: 3209750000 | F21: 3061259712 | G21: =+F21/E21*100 -> 95.373774 | H21: 100
D22: TOT Guru BIdang Studi SMA | E22: 700400000 | F22: 700400000 | G22: =+F22/E22*100 -> 100 | H22: =+G22 -> 100
D23: Penyelenggaraan akreditasi sekolah menengah | E23: 767000000 | F23: 767000000 | G23: =+F23/E23*100 -> 100 | H23: =+G23 -> 100
D24: Pelatihan Kepala Tata Usaha Sekolah SMA | E24: 559500000 | F24: 559500000 | G24: =+F24/E24*100 -> 100 | H24: =+G24 -> 100
D25: Penyusunan Road Map SMA | E25: 400000000 | F25: 400000000 | G25: =+F25/E25*100 -> 100 | H25: =+G25 -> 100
D26: Program Pendidikan Non Formal | E26: 656600000 | F26: =+F27+F28 -> 656600000 | G26: =+F26/E26*100 -> 100 | H26: =SUM((H27:H28))/2 -> 50
D27: Rapat Koordinasi Tim Pengendali Percepatan Tuntas Buta Aksara Provinsi | E27: 656600000 | F27: 656600000 | G27: =+F27/E27*100 -> 100 | H27: =+G27 -> 100
D28: Pembekalan KKN Tematik Percepatan Tuntas Buta Aksara di PKBM | E28: 0
D29: Program Pendidikan Luar Biasa | E29: 1356000000 | F29: =SUM(F30:F33) -> 1333677378 | G29: =+F29/E29*100 -> 98.353789 | H29: =SUM((H30:H33))/4 -> 100
D30: Pelatihan kompetensi tenaga pendidik | E30: 500000000 | F30: 488080378 | G30: =+F30/E30*100 -> 97.616076 | H30: 100
D31: Pelatihan penyusunan kurikulum | E31: 200000000 | F31: 200000000 | G31: =+F31/E31*100 -> 100 | H31: =+G31 -> 100
D32: Pengawasan penyelenggaraan pendidikan | E32: 156000000 | F32: 154875000 | G32: =+F32/E32*100 -> 99.278846 | H32: 100
D33: Pembinaan minat, bakat dan kreativitas siswa | E33: 500000000 | F33: 490722000 | G33: =+F33/E33*100 -> 98.1444 | H33: 100
D34: Program Peningkatan Mutu Pendidik dan Tenaga Kependidikan | E34: 14368211250 | F34: =SUM(F35:F42) -> 13931503804 | G34: =+F34/E34*100 -> 96.9606 | H34: =SUM((H35:H42))/8 -> 98.75
D35: Pelaksanaan sertifikasi pendidik | E35: 2000000000 | F35: 2000000000 | G35: =+F35/E35*100 -> 100 | H35: =+G35 -> 100
D36: Pelaksanaan uji kompetensi pendidik dan tenaga kependidikan | E36: 2000000000 | F36: 1939630900 | G36: =+F36/E36*100 -> 96.981545 | H36: 100
D37: Pembinaan kelompok kerja guru (MGMP dan MKKS) | E37: 1000000000 | F37: 1000000000 | G37: =+F37/E37*100 -> 100 | H37: =+G37 -> 100
D38: Seleksi dan Pembekalan Guru, Kepsek SMA/SMK/PKLK Berprestasi dan Berdedikasi | E38: 2000000000 | F38: 1831301400 | G38: =+F38/E38*100 -> 91.56507 | H38: 95
D39: SERTIFIKASI GURU DAN PROGRAM KEAHLIAN SMK | E39: 3000000000 | F39: 2999432300 | G39: =+F39/E39*100 -> 99.981077 | H39: 100
D40: Seleksi dan Pengiriman Mahasiswa Calon Guru Produktif SMK | E40: 840000000 | F40: 838519200 | G40: =+F40/E40*100 -> 99.823714 | H40: 100
D41: Magang Guru Produktif SMK | E41: 1728211250 | F41: 1567990528 | G41: =+F41/E41*100 -> 90.729101 | H41: 95
D42: Pelatihan Kompetensi Pendidik Tenaga Kependidikan SMA/SMK/PKLK(Laboratorium, Pustakawan, Arsiparis dan Pengawas Sekolah | E42: 1800000000 | F42: 1754629476 | G42: =+F42/E42*100 -> 97.479415 | H42: 100
D43: Program Manajemen Pelayanan Pendidikan | E43: =SUM(E44:E59) -> 49431488750 | F43: =SUM(F44:F59) -> 16716917218 | G43: =+F43/E43*100 -> 33.818357 | H43: =SUM((H44:H59))/16 -> 92.5
D44: Penerapan sistem dan informasi manajemen pendidikan | E44: 1334920000 | F44: 1222723000 | G44: =+F44/E44*100 -> 91.595227 | H44: 95
D45: Pelaksanaan Rapat Kerja Teknis | E45: 1806390000 | F45: 1755764700 | G45: =+F45/E45*100 -> 97.197432 | H45: 100
D46: Pelaksanaan Ujian Nasional dan Ujian Sekolah | E46: 5693390000 | F46: 5436869058 | G46: =+F46/E46*100 -> 95.494408 | H46: 95
D47: Pengembangan Kurikulum dan Kurikulum Muatan Lokal | E47: 300000000 | F47: 300000000 | G47: =+F47/E47*100 -> 100 | H47: =+G47 -> 100
D48: Peningkatan tenaga perencanaan dan ICT | E48: 1761300000 | F48: 1752800279 | G48: =+F48/E48*100 -> 99.517418 | H48: 100
D49: Pengelolaan PAK (pengelolaan angka kredit) guru, pengawas sekolah, dan pamong belajar | E49: 335000000 | F49: 335000000 | G49: =+F49/E49*100 -> 100 | H49: =+G49 -> 100
D50: Pengembangan Website Pendidikan | E50: 449000000 | F50: 449000000 | G50: =+F50/E50*100 -> 100 | H50: 100
D51: Supervisi dan Monitoring PBM di Sekolah | E51: 674400000 | F51: 669630000 | G51: =+F51/E51*100 -> 99.292705 | H51: 100
D52: Rakor Kepala Sekolah SMK | E52: 569738750 | F52: 554699081 | G52: =+F52/E52*100 -> 97.360252 | H52: 100
D53: Penyusunan Analisa Beban Kerja (ABK) | E53: 418900000 | F53: 418766000 | G53: =+F53/E53*100 -> 99.968011 | H53: 100
D54: Penyusunan Analisa Jabatan (ANJAB) | E54: 418900000 | F54: 418900000 | G54: =+F54/E54*100 -> 100 | H54: =+G54 -> 100
D55: Bantuan Operasional Sekolah SMA/SMK | E55: 33705800000 | F55: 1516394000 | G55: =+F55/E55*100 -> 4.4989112 | H55: 5
D56: Rapat Koordinasi Ujian Nasional | E56: 291550000 | F56: 256171100 | G56: =+F56/E56*100 -> 87.865238 | H56: 90
D57: Penyusunan Perdasus Guru | E57: 842000000 | F57: 800000000 | G57: =+F57/E57*100 -> 95.011876 | H57: 95
D58: Pendampingan Hukum | E58: 435000000 | F58: =E58 -> 435000000 | G58: =+F58/E58*100 -> 100 | H58: =+G58 -> 100
D59: Pengelolaan Personil, Pendanaan Prasarana dan Dokumen SMA SMK | E59: 395200000 | F59: 395200000 | G59: =+F59/E59*100 -> 100 | H59: =+G59 -> 100
D60: Program Peningkatan SDM Pendidikan Tinggi | E60: =+E61+E62 -> 38368526 | G60: =+F60/E60*100 -> 0 | H60: =+G60 -> 0
D61: Beasiswa Pendidikan Pascasarjana (S2) | H61: =+G61 -> 0
D62: Beasiswa Pendidikan Doctor (S3) | E62: 38368526 | F62: 0 | G62: =+F62/E62*100 -> 0 | H62: =+G62 -> 0
D63: Program Pendidikan Khusus dan Layanan Khusus | E63: 30476100000 | F63: =SUM(F64:F70) -> 28727186152 | G63: =+F63/E63*100 -> 94.261359 | H63: =SUM((H64:H70))/7 -> 87.857143
D64: Pembinaan dan Pengembangan PK/PLK | E64: 3000000000 | F64: 2975075989 | G64: =+F64/E64*100 -> 99.1692 | H64: 100
D65: Penyediaan guru kontrak SD-SMP dan SMA Model Pendidikan layanan khusus Satu atap berasrama | E65: 10007100000 | F65: 9302258163 | G65: =+F65/E65*100 -> 92.956582 | H65: 95
D66: Makan dan Minum Siswa SMA N 3 dan SMANKOR | E66: 11716200000 | F66: 11212443800 | G66: =+F66/E66*100 -> 95.700345 | H66: 100
D67: Biaya Operasional KPG,SMA N 3 Buper dan SMA N Keberbakatan Olahraga | E67: 4015000000 | F67: 4000000000 | G67: =+F67/E67*100 -> 99.626401 | H67: 100
D68: Biaya Pelatihan Bahasa Inggris | E68: 737800000 | F68: 687408200 | G68: =+F68/E68*100 -> 93.169992 | H68: 95
D69: Pengadaan Meubeler | E69: 600000000 | F69: 150000000 | G69: =+F69/E69*100 -> 25 | H69: =+G69 -> 25
D70: Penyusunan Road Map PKLK | E70: 400000000 | F70: 400000000 | G70: =+F70/E70*100 -> 100 | H70: =+G70 -> 100
D71: Program Pendidikan Menengah Kejuruan | E71: 9458100000 | F71: =+F72+F73+F74+F75+F76+F77+F78+F79+F80+F81+F82+F83 -> 9449988600 | G71: =+F71/E71*100 -> 99.914239 | H71: =SUM((H72:H83))/12 -> 100
D72: Lomba Ketrampilan Siswa (LKS-SMK) | E72: 2882000000 | F72: 2878038600 | G72: =+F72/E72*100 -> 99.862547 | H72: 100
D73: TOT Master Trainer Guru SMK | E73: 500000000 | F73: 500000000 | G73: =+F73/E73*100 -> 100 | H73: =+G73 -> 100
D74: Penyediaan Beasiswa bagi Anak Asli Papua SMK | E74: 375000000 | F74: 374820600 | G74: =+F74/E74*100 -> 99.95216 | H74: 100
D75: Lomba Debat Bahasa Inggris dan Bahasa Indonesia | E75: 500000000 | F75: 500000000 | G75: =+F75/E75*100 -> 100 | H75: =+G75 -> 100
D76: Sertifikasi Siswa SMK | E76: 970400000 | F76: 968193800 | G76: =+F76/E76*100 -> 99.77265 | H76: 100
D77: TOT Penyusunan Kurikulum SMK | E77: 981000000 | F77: 981000000 | G77: =+F77/E77*100 -> 100 | H77: 100
D78: Pembinaan Musyawarah Kelompok Kerja Kepala Sekolah SMK | E78: 899400000 | F78: 898377000 | G78: =+F78/E78*100 -> 99.886258 | H78: 100
D79: Penyediaan BOMSDA untuk siswa SMK | E79: 461600000 | F79: 461600000 | G79: =+F79/E79*100 -> 100 | H79: 100
D80: Penyediaan Waktu Materikulasi Siswa OAP di Kelas Awal SMK | E80: 488700000 | F80: 487958600 | G80: =+F80/E80*100 -> 99.848291 | H80: 100
D81: Revitalisasi Kajian Kurikulum SMK di lima Wilayah Adat | E81: 500000000 | F81: 500000000 | G81: =+F81/E81*100 -> 100 | H81: =+G81 -> 100
D82: Penyelenggaraan Akreditasi Lembaga Kursus Keterampilan | E82: 500000000 | F82: 500000000 | G82: =+F82/E82*100 -> 100 | H82: =+G82 -> 100
D83: Penyusunan Road Map SMK | E83: 400000000 | F83: 400000000 | G83: =+F83/E83*100 -> 100 | H83: =+G83 -> 100
D85: Dinas Kesehatan | E85: =+E86+E88+E91+E101+E103+E110+E112+E114+E117+E129+E131+E133+E137+E148+E152+E156+E158 -> 61500000000 | F85: =+F86+F88+F91+F101+F103+F110+F114+F112+F117+F129+F131+F133+F137+F148+F152+F156 -> 49746587743 | G85: =+F85/E85*100 -> 80.888761 | H85: =+G85 -> 80.888761
D86: Program peningkatan sarana dan prasarana aparatur | E86: 20547000000 | F86: =+F87 -> 14318810000 | G86: =F86/E86*100 -> 69.688081 | H86: =H87 -> 75
D87: Pembangunan gedung kantor | E87: 20547000000 | F87: 14318810000 | G87: =+F87/E87*100 -> 69.688081 | H87: 75
D88: Program peningkatan kapasitas sumber daya aparatur | E88: 1820500000 | F88: =+F89+F90 -> 1510173306 | G88: =+F88/E88*100 -> 82.953766 | H88: =SUM((H89:H90))/2 -> 85
D89: Pendidikan dan pelatihan formal | E89: 866000000 | F89: 578154400 | G89: =+F89/E89*100 -> 66.761478 | H89: 70
D90: Pendidikan dan Pelatihan Non Formal | E90: 954500000 | F90: 932018906 | G90: =+F90/E90*100 -> 97.644726 | H90: 100
D91: Program Obat dan Perbekalan Kesehatan | E91: 4057932507 | F91: =SUM(F92:F100) -> 3584707072 | G91: =+F91/E91*100 -> 88.338263 | H91: =SUM((H92:H100))/9 -> 92.222222
D92: Peningkatan mutu pelayanan farmasi komunitas dan rumah sakit | E92: 459645000 | F92: 394949340 | G92: =+F92/E92*100 -> 85.924864 | H92: 90
D93: Monitoring pemanfaatan buffer stock di GFK/RS/PKM dan pos obat kampung serta evaluasi hasil magang tenaga GF kab/kota | E93: 360750000 | F93: 258392400 | G93: =+F93/E93*100 -> 71.626445 | H93: 75
D94: Pengadaan obat buffer stock provinsi | E94: 1476262880 | F94: 1370512945 | G94: =+F94/E94*100 -> 92.836646 | H94: 100
D95: Pengadaan obat-obatan untuk program HIV/AIDS | E95: 410243320 | F95: 395177943 | G95: =+F95/E95*100 -> 96.327697 | H95: 100
D96: Pengadaan Obat-obatan Program P2M | E96: 424473600 | F96: 260892604 | G96: =+F96/E96*100 -> 61.462622 | H96: 65
D97: Pengadaan logistik Non Oat Provinsi Papua | E97: 417915000 | F97: 414190000 | G97: =+F97/E97*100 -> 99.10867 | H97: 100
D98: Pengadaan reagen IMS Provinsi Papua | E98: 107112000 | F98: 107082460 | G98: =+F98/E98*100 -> 99.972421 | H98: 100
D99: Pengelolaan Perbekalan Farmasi/Gudang Obat Buffer Stock Provinsi | E99: 158600000 | F99: 150744500 | G99: =+F99/E99*100 -> 95.046974 | H99: 100
D100: Pembekalan Penanggung Jawab Sarana Distribusi Obat (PBF) Tingkat Provinsi | E100: 242930707 | F100: 232764880 | G100: =+F100/E100*100 -> 95.815339 | H100: 100
D101: Program Upaya Kesehatan Masyarakat | E101: 433166000 | F101: =+F102 -> 325331040 | G101: =+F101/E101*100 -> 75.105396 | H101: =H102 -> 80
D102: Pembinaan Akreditasi Puskesmas | E102: 433166000 | F102: 325331040 | G102: =+F102/E102*100 -> 75.105396 | H102: 80
D103: Program Pengembangan Obat Asli Indonesia | E103: 479658326 | F103: =SUM(F104:F109) -> 341920000 | G103: =+F103/E103*100 -> 71.284075 | H103: =SUM((H104:H109))/6 -> 74.166667
D104: Workshop Obat Tradisional Berbasis Wilayah Adat | E104: 125000000 | F104: 122391500 | G104: =+F104/E104*100 -> 97.9132 | H104: 100
D105: Pertemuan data jaringan informasi dan dokumentasi SP3T | E105: 102600000 | F105: 83096000 | G105: =+F105/E105*100 -> 80.990253 | H105: 85
D106: RAPAT RUTIN SP3T | E106: 69533326 | F106: 42032500 | G106: =+F106/E106*100 -> 60.449431 | H106: 65
D107: ADMINISTRASI KEGIATAN SP3T | E107: 59400000 | F107: 59400000 | G107: =+F107/E107*100 -> 100 | H107: 100
...

Sheet A.4
C3: REKAPITULASI ALOKASI DAN REALISASI PENGGUNAAN DANA OTONOMI KHUSUS
C4: DIURAIKAN BERDASARKAN, ORGANISASI, PROGRAM/KEGIATAN PROVINSI DAN KABUPATEN/KOTA ATAU NAMA LAIN
C5: TAHUN ANGGARAN 2019
C7: PROVINSI : PAPUA | P7: Tabel A.4
C8: PENERIMAAN : Rp 5.850.230.158.00,00
C10: NO. | D10: U R A I A N | E10: PERMINTAAN PENYALURAN TAHAP I | H10: PERMINTAAN PENYALURAN TAHAP II | L10: PERMINTAAN PENYALURAN TAHAP III | P10: KET
E11: ALOKASI ANGGARAN (Rp.) | G11: PROSENTASE (%) | H11: ALOKASI ANGGARAN (Rp.) | I11: REALISASI ANGGARAN (Rp.) | J11: PROSENTASE REALISASI ANGGARAN (%) | K11: CAPAIAN OUTPUT ( %) | L11: ALOKASI ANGGARAN (Rp.) | M11: REALISASI ANGGARAN (Rp.) | N11: PROSENTASE REALISASI ANGGARAN (%) | O11: CAPAIAN OUTPUT ( %)
C12: (1) | D12: (2) | E12: (3) | G12: (4) | H12: (5) | I12: (6) | J12: (7) | K12: (8) | L12: (9) | M12: (10) | N12: (11) | O12: (12) | P12: (13)
C15: A | D15: PROVINSI | E15: =+E16+E39+E133+E148+E163+E174+E195+E206+E215+E230+E250+E266+E285+E300+E314+E321+E330+E337 -> 389351314600 | F15: 389351314600 | G15: =+F15/E15*100 -> 100
D16: Dinas Pendidikan | E16: =+E17+E21+E25+E27+E31 -> 97405000000 | F16: 389351314600 | G16: =E16/F16*100 -> 25.017252
D17: Program Pendidikan Menengah Atas | E17: =SUM(E18:E20) -> 19807432930 | F17: 389351314600 | G17: =E17/F17*100 -> 5.0872906
D18: Lomba Debat Bahasa Inggris, Bahasa Indonesia dan Bahasa Jerman | E18: 545200000 | F18: 389351314600 | G18: =E18/F18*100 -> 0.14002778
D19: DAK Reguler SMA ( Utang TA 2017) | E19: 17515982930 | F19: 389351314600 | G19: =E19/F19*100 -> 4.4987604
D20: Lomba Kompetensi Siswa SMA | E20: 1746250000 | F20: 389351314600 | G20: =E20/F20*100 -> 0.4485024
D21: Program Manajemen Pelayanan Pendidikan | E21: 64602800000 | F21: 389351314600 | G21: =E21/F21*100 -> 16.592419
D22: Penerapan sistem dan informasi manajemen pendidikan | E22: 1245800000 | F22: 389351314600 | G22: =E22/F22*100 -> 0.3199681
D23: Biaya Operasi Sekolah | E23: 62050000000 | F23: 389351314600 | G23: =E23/F23*100 -> 15.936764
D24: Fasilitasi pembiayaan akreditasi sekolah SMA dan SMK | E24: 1307000000 | F24: 389351314600 | G24: =E24/F24*100 -> 0.33568655
D25: Program Peningkatan SDM Pendidikan Tinggi | E25: 0 | F25: 389351314600 | G25: =E25/F25*100 -> 0
D26: Beasiswa Pendidikan Pascasarjana (S2) | E26: 0 | F26: 389351314600 | G26: =E26/F26*100 -> 0
D27: Program Pendidikan Khusus dan Layanan Khusus | E27: 6808567070 | F27: 389351314600 | G27: =E27/F27*100 -> 1.748695
D28: Makan dan Minum Siswa SMA N 3 dan SMANKOR | E28: 6000000 | F28: 389351314600 | G28: =E28/F28*100 -> 0.0015410247
D29: Fasilitasi lomba O2SN SD tk Provinsi | E29: 1802567070 | F29: 389351314600 | G29: =E29/F29*100 -> 0.46296674
... D37: Pengembangan unit Produksi untuk SMK | E37: 724400000 | F37: 389351314600 | G37: =E37/F37*100 -> 0.18605305
F38: 389351314600 | G38: =E38/F38*100 -> 0
D39: Dinas Kesehatan | E39: =+E40+E43+E45+E56+E62+E64+E70+E72+E74+E77+E89+E91+E94+E96+E100+E102+E116+E122+E125+E127 -> 69470000000 | F39: 389351314600 | G39: =E39/F39*100 -> 17.842498
D40: Program Pelayanan Administrasi Perkantoran | E40: 4169210000 | F40: 389351314600 | G40: =E40/F40*100 -> 1.0708093
D41: Penyediaan jasa komunikasi, sumber daya air dan listrik | E41: 1624450000 | F41: 389351314600 | G41: =E41/F41*100 -> 0.4172196
D42: Penyediaan jasa kebersihan kantor | E42: 2544760000 | F42: 389351314600 | G42: =E42/F42*100 -> 0.65358968
D43: Program peningkatan sarana dan prasarana aparatur | E43: 0 | F43: 389351314600 | G43: =E43/F43*100 -> 0
D44: Pembangunan gedung kantor | E44: 0 | F44: 389351314600 | G44: =E44/F44*100 -> 0
D45: Program Obat dan Perbekalan Kesehatan | E45: 6745531225 | F45: 389351314600 | G45: =E45/F45*100 -> 1.7325051
D46: Peningkatan mutu pelayanan farmasi komunitas dan rumah sakit | E46: 403375800 | F46: 389351314600 | G46: =E46/F46*100 -> 0.10360201
D47: Pengiriman dan Relokasi Obat buffer stok dan program provinsi ke Kab dan 14 titik terisolir | E47: 2300000000 | F47: 389351314600 | G47: =E47/F47*100 -> 0.59072614
D48: Monitoring pemanfaatan buffer stock di GFK/RS/PKM dan pos obat kampung serta evaluasi hasil magang tenaga GF kab/kota | E48: 338814000 | F48: 389351314600 | G48: =E48/F48*100 -> 0.087020125
D49: Pengadaan obat buffer stock provinsi | E49: 1681552000 | F49: 389351314600 | G49: =E49/F49*100 -> 0.43188553
D50: Pengadaan obat-obatan untuk program HIV/AIDS | E50: 471779000 | F50: 389351314600 | G50: =E50/F50*100 -> 0.12117052
D51: Pengadaan Obat-obatan Program P2M | E51: 488144000 | F51: 389351314600 | G51: =E51/F51*100 -> 0.12537366
... D131: Monitoring dan Evaluasi Pelaksanaan ASPAK dan SIRS Online di Kab/Kota | E131: 246350000 | F131: 389351314600 | G131: =E131/F131*100 -> 0.063271907
F132: 389351314600 | G132: =E132/F132*100 -> 0
D133: Dinas Pemberdayaan Masyarakat Kampung | E133: =+E134+E137+E141+E143+E145 -> 8000000000 | F133: 389351314600 | G133: =E133/F133*100 -> 2.0546996
D134: Program Pengembangan data/informasi | E134: 1500000000 | F134: 389351314600 | G134: =E134/F134*100 -> 0.38525618
D135: Sosialisasi Mekanisme dan Tahapan Pembentukan Kampung Adat di 5 Wilayah Adat | E135: 1200000000 | F135: 389351314600 | G135: =E135/F135*100 -> 0.30820494
D136: Pengolahan, Penginputan dan Publikasi Data DPMK | E136: 300000000 | F136: 389351314600 | G136: =E136/F136*100 -> 0.077051236
D137: Program Pemberdayaan Masyarakat Kampung | E137: 3364500000 | F137: 389351314600 | G137: =E137/F137*100 -> 0.86412961
D138: Alih Teknologi melalui gelar TTG Nasional | E138: 1296800000 | F138: 389351314600 | G138: =E138/F138*100 -> 0.33306681
D139: Fasilitasi Pengembangan Teknologi Tepat Guna | E139: 500000000 | F139: 389351314600 | G139: =E139/F139*100 -> 0.12841873
D140: Monitoring Program/Kegiatan Ke.PMD-an | E140: 1567700000 | F140: 389351314600 | G140: =E140/F140*100 -> 0.40264408
D141: Program Penguatan Kapasitas Kelembagaan Distrik dan Kampung | E141: 1426500000 | F141: 389351314600 | G141: =E141/F141*100 -> 0.36637863
D142: Lomba kampung/kelurahan di 29 Kabupaten/Kota | E142: 1426500000 | F142: 389351314600 | G142: =E142/F142*100 -> 0.36637863
D143: Program Peningkatan Kualitas Hidup dan Perlindungan Perempuan | E143: 1055390000 | F143: 389351314600 | G143: =E143/F143*100 -> 0.27106368
D144: Penyelenggaraan Bulan Bakti Gotong Royong Masyarakat (BBGRM) tingkat Provinsi dan Nasional | E144: 1055390000 | F144: 389351314600 | G144: =E144/F144*100 -> 0.27106368
D145: Program Peningkatan Peran Serta dan Kesetaraan Gender dalam Pembangunan | E145: 653610000 | F145: 389351314600 | G145: =E145/F145*100 -> 0.16787153
D146: Kunjungan Ketua Tim Penggerak PKK Provinsi Papua | E146: 653610000 | F146: 389351314600 | G146: =E146/F146*100 -> 0.16787153
F147: 389351314600 | G147: =E147/F147*100 -> 0
D148: Dinas Koperasi, Usaha Kecil dan Menengah | E148: =+E149+E151+E155 -> 3000000000 | F148: 389351314600 | G148: =E148/F148*100 -> 0.77051236
D149: Program Pengembangan Kewirausahaan dan Keunggulan Kompetitif Usaha Kecil Menengah | E149: 404450000 | F149: 389351314600 | G149: =E149/F149*100 -> 0.10387791
D150: Sosialisasi HAKI kepada Usaha Mikro Kecil Menengah | E150: 404450000 | F150: 389351314600 | G150: =E150/F150*100 -> 0.10387791
D151: Program Pengembangan Sistem Pendukung Usaha Bagi Usaha Mikro Kecil Menengah | E151: 997085250 | F151: 389351314600 | G151: =E151/F151*100 -> 0.25608884
D152: Sosialisasi dukungan informasi penyediaan permodalan | E152: 250000000 | F152: 389351314600 | G152: =E152/F152*100 -> 0.064209363
D153: Penyelenggaraan promosi produk Usaha Mikro Kecil Menengah | E153: 301535250 | F153: 389351314600 | G153: =E153/F153*100 -> 0.077445546
D154: Pengembangan Kebijakan dan program peningkatan ekonomi lokal | E154: 445550000 | F154: 389351314600 | G154: =E154/F154*100 -> 0.11443393
D155: Program Peningkatan Kualitas Kelembagaan Koperasi | E155: 1598464750 | F155: 389351314600 | G155: =E155/F155*100 -> 0.41054562
D156: Monitoring, evaluasi dan pelaporan | E156: 300000000 | F156: 389351314600 | G156: =E156/F156*100 -> 0.077051236
D157: Identifikasi Keragaman Koperasi | E157: 198464750 | F157: 389351314600 | G157: =E157/F157*100 -> 0.050973181
D158: Pengawasan dan Penilaian Kesehatan KSP/USP Koperasi | E158: 250000000 | F158: 389351314600 | G158: =E158/F158*100 -> 0.064209363
D159: Bimtek Pembuatan Laporan Keuangan bagi Koperasi | E159: 250000000 | F159: 389351314600 | G159: =E159/F159*100 -> 0.064209363
D160: Memfasilitasi Kemudahan Formalisasi Usaha Kecil Menengah menjadi Koperasi | E160: 325000000 | F160: 389351314600 | G160: =E160/F160*100 -> 0.083472172
D161: Monitoring dan Pengawasan Koperasi Aktif | E161: 275000000 | F161: 389351314600 | G161: =E161/F161*100 -> 0.0706303
F162: 389351314600 | G162: =E162/F162*100 -> 0
D163: Dinas Penanaman Modal dan Pelayanan Terpadu Satu Pintu | E163: =+E164+E168+E170 -> 5000000000 | F163: 389351314600 | G163: =E163/F163*100 -> 1.2841873
D164: Program Peningkatan Promosi dan Kerjasama Investasi | E164: 2500000000 | F164: 389351314600 | G164: =E164/F164*100 -> 0.64209363
D165: Pengembangan potensi unggulan daerah | E165: 268243000 | F165: 389351314600 | G165: =E165/F165*100 -> 0.068894849
D166: Peningkatan kegiatan pemantauan, pembinaan dan pengawasan pelaksanaan penanaman modal | E166: 1000000000 | F166: 389351314600 | G166: =E166/F166*100 -> 0.25683745
D167: Penyelenggaraanpameran investasi | E167: 1231757000 | F167: 389351314600 | G167: =E167/F167*100 -> 0.31636133
D168: Program Peningkatan Iklim Investasi dan Realisasi Investasi | E168: 1500000000 | F168: 389351314600 | G168: =E168/F168*100 -> 0.38525618
D169: Penyederhanaan prosedur perijinan dan peningkatan pelayanan penanaman modal | E169: 1500000000 | F169: 389351314600 | G169: =E169/F169*100 -> 0.38525618
D170: Program Peningkatan Pelayanan Perizinan Penanaman Modal | E170: 1000000000 | F170: 389351314600 | G170: =E170/F170*100 -> 0.25683745
D171: Fasilitasi Penyelesaian Permasalahan Perijinan dan Non Peijinan diBidang Penanaman Modal | E171: 450875000 | F171: 389351314600 | G171: =E171/F171*100 -> 0.11580159
D172: Penyediaan Informasi Perijinan | E172: 549125000 | F172: 389351314600 | G172: =E172/F172*100 -> 0.14103587
F173: 389351314600 | G173: =E173/F173*100 -> 0
D174: Dinas Kelautan dan Perikanan | E174: =+E175+E177+E180+E184+E186+E192 -> 6000000000 | F174: 389351314600 | G174: =E174/F174*100 -> 1.5410247
D175: Program pengembangan budidaya perikanan | E175: 553000000 | F175: 389351314600 | G175: =E175/F175*100 -> 0.14203111
D176: Pengembangan Calon Induk Ikan Unggul | E176: 553000000 | F176: 389351314600 | G176: =E176/F176*100 -> 0.14203111
D177: Program Pengembangan dan Peningkatan Produksi Perikanan Tangkap | E177: 214400000 | F177: 389351314600 | G177: =E177/F177*100 -> 0.05506595
D178: Pendampingan pada kelompok nelayan perikanan tangkap | E178: 102000000 | F178: 389351314600 | G178: =E178/F178*100 -> 0.02619742
D179: Monitoring PPI Se- Papua | E179: 112400000 | F179: 389351314600 | G179: =E179/F179*100 -> 0.02886853
D180: Program Peningkatan Mutu Produksi Nelayan, Pengelolaan dan Pemasaran | E180: 1064600000 | F180: 389351314600 | G180: =E180/F180*100 -> 0.27342915
D181: Ekspose dan Promosi Investasi Kelautan dan Perikanan | E181: 485000000 | F181: 389351314600 | G181: =E181/F181*100 -> 0.12456616
D182: Lomba Masak Serba Ikan Tk. Provinsi dan Nasional | E182: 479600000 | F182: 389351314600 | G182: =E182/F182*100 -> 0.12317924
D183: Pelaksanaan Peringatan Hari Nusantara dan HARKANAS, | E183: 100000000 | F183: 389351314600 | G183: =E183/F183*100 -> 0.025683745
D184: Program Optimalisasi dan Pembangunan Prasarana Perikanan Tangkap | E184: 282900000 | F184: 389351314600 | G184: =E184/F184*100 -> 0.072659315
D185: Penunjang Kegiatan PPI di Kab/Kota | E185: 282900000 | F185: 389351314600 | G185: =E185/F185*100 -> 0.072659315
D186: Program Optimalisasi Fungsi dan Pelayanan Unit Pelaksanaan Teknis Dinas (UPTD) | E186: 1488600000 | F186: 389351314600 | G186: =E186/F186*100 -> 0.38232823
... D193: Percepatan Penyusunan Rencana Zonasi Wilayah Pesisir dan Pulau-pulau kecil | E193: 2396500000 | F193: 389351314600 | G193: =E193/F193*100 -> 0.61551096
D195: Dinas Pariwisata | E195: =+E196+E198+E200+E203 -> 4000000000 | F195: 389351314600 | G195: =E195/F195*100 -> 1.0273498
D196: Program Pengembangan Pemasaran Pariwisata | E196: 428000000 | F196: 389351314600 | G196: =E196/F196*100 -> 0.10992643
D197: Dukungan dan Penguatan Pada Festival Wisata Daerah | E197: 428000000 | F197: 389351314600 | G197: =E197/F197*100 -> 0.10992643
D198: Program Pengembangan Destinasi Pariwisata | E198: 2714000000 | F198: 389351314600 | G198: =E198/F198*100 -> 0.69705685
D199: Pembangunan Kawasan Wisata (Tourism Resort) | E199: 2714000000 | F199: 389351314600 | G199: =E199/F199*100 -> 0.69705685
...

Sheet A.5
A2: REKAPITULASI ALOKASI DAN REALISASI PENGGUNAAN DANA OTONOMI KHUSUS UNTUK PENDIDIKAN
A3: DIURAIKAN BERDASARKAN, ORGANISASI, PROGRAM/KEGIATAN PROVINSI DAN KABUPATEN/KOTA
A4: TAHUN ANGGARAN 2018
A6: PROVINSI : PAPUA
A7: =+A.3!C8 -> PENERIMAAN : Rp5.620.854.115.000 | E7: Tabel A.5
A9: NO. | B9: U R A I A N | C9: PERMINTAAN PENYALURAN TAHAP III | G9: KET
C10: ALOKASI ANGGARAN (Rp.) | D10: REALISASI ANGGARAN (Rp.) | E10: PROSENTASE REALISASI ANGGARAN (%) | F10: CAPAIAN OUTPUT (%)
A11: (1) | B11: (2) | C11: (3) | D11: (4) | E11: (5) | F11: (6) | G11: (7)
A13: A | B13: PROVINSI | C13: =+C14+C83+C97+C105+C110+C114+C125+C137+C145+C151+C155+C159+C172+C178+C185+C189+C193+C197+C215+C219 -> 707425763694 | D13: =+D14+D83+D97+D110+D114+D125+D137+D145+D151+D155+D159+D172+D178+D185+D189+D193+D197+D215+D105+D219 -> 668079893327 | E13: =+D13/C13*100 -> 94.438163 | F13: =+E13 -> 94.438163
B14: Dinas Pendidikan | C14: =+C15+C27+C24+C32+C41+C58+C61+C69 -> 113863368526 | D14: =+D15+D24+D27+D32+D41+D58+D61+D69 -> 78004968264 | E14: =+D14/C14*100 -> 68.507519 | F14: =+E14 -> 68.507519
B15: Program Pendidikan Menengah Atas | C15: 7770200000 | D15: =SUM(D16:D23) -> 6916445112 | E15: =+D15/C15*100 -> 89.012446 | F15: =+E15 -> 89.012446
B16: Penerapan dan Pelatihan MBS SMA | C16: 704000000 | D16: 704000000 | E16: =+D16/C16*100 -> 100 | F16: =+E16 -> 100
B17: Lomba Debat Bahasa Inggris dan bahasa Indonesia | C17: 724300000 | D17: 724285400 | E17: =+D17/C17*100 -> 99.997984 | F17: =+E17 -> 99.997984
B18: Pengembangan Materi Belajar Mengajar Menggunakan Teknologi Informasi dan Komunikasi | C18: 705250000 | E18: =+D18/C18*100 -> 0 | F18: =+E18 -> 0
B19: Lomba Kompetensi Siswa SMA Tingkat Prov dan Tk.Nasional | C19: 3209750000 | D19: 3061259712 | E19: =+D19/C19*100 -> 95.373774 | F19: =+E19 -> 95.373774
B20: TOT Guru BIdang Studi SMA | C20: 700400000 | D20: 700400000 | E20: =+D20/C20*100 -> 100 | F20: =+E20 -> 100
B21: Penyelenggaraan akreditasi sekolah menengah | C21: 767000000 | D21: 767000000 | E21: =+D21/C21*100 -> 100 | F21: =+E21 -> 100
B22: Pelatihan Kepala Tata Usaha Sekolah SMA | C22: 559500000 | D22: 559500000 | E22: =+D22/C22*100 -> 100 | F22: =+E22 -> 100
B23: Penyusunan Road Map SMA | C23: 400000000 | D23: 400000000 | E23: =+D23/C23*100 -> 100 | F23: =+E23 -> 100
B24: Program Pendidikan Non Formal | C24: 656600000 | D24: =+D25+D26 -> 656600000 | E24: =+D24/C24*100 -> 100 | F24: =+E24 -> 100
B25: Rapat Koordinasi Tim Pengendali Percepatan Tuntas Buta Aksara Provinsi | C25: 656600000 | D25: 656600000 | E25: =+D25/C25*100 -> 100 | F25: =+E25 -> 100
B26: Pembekalan KKN Tematik Percepatan Tuntas Buta Aksara di PKBM | C26: 0 | F26: =+E26 -> 0
B27: Program Pendidikan Luar Biasa | C27: 1356000000 | D27: =SUM(D28:D31) -> 1333677378 | E27: =+D27/C27*100 -> 98.353789 | F27: =+E27 -> 98.353789
B28: Pelatihan kompetensi tenaga pendidik | C28: 500000000 | D28: 488080378 | E28: =+D28/C28*100 -> 97.616076 | F28: =+E28 -> 97.616076
B29: Pelatihan penyusunan kurikulum | C29: 200000000 | D29: 200000000 | E29: =+D29/C29*100 -> 100 | F29: =+E29 -> 100
B30: Pengawasan penyelenggaraan pendidikan | C30: 156000000 | D30: 154875000 | E30: =+D30/C30*100 -> 99.278846 | F30: =+E30 -> 99.278846
B31: Pembinaan minat, bakat dan kreativitas siswa | C31: 500000000 | D31: 490722000 | E31: =+D31/C31*100 -> 98.1444 | F31: =+E31 -> 98.1444
B32: Program Peningkatan Mutu Pendidik dan Tenaga Kependidikan | C32: =+C33+C34+C35+C36+C37+C38+C39+C40 -> 14368211250 | D32: =SUM(D33:D40) -> 13931503804 | E32: =+D32/C32*100 -> 96.9606 | F32: =+E32 -> 96.9606
B33: Pelaksanaan sertifikasi pendidik | C33: 2000000000 | D33: 2000000000 | E33: =+D33/C33*100 -> 100 | F33: =+E33 -> 100
B34: Pelaksanaan uji kompetensi pendidik dan tenaga kependidikan | C34: 2000000000 | D34: 1939630900 | E34: =+D34/C34*100 -> 96.981545 | F34: =+E34 -> 96.981545
B35: Pembinaan kelompok kerja guru (MGMP dan MKKS) | C35: 1000000000 | D35: 1000000000 | E35: =+D35/C35*100 -> 100 | F35: =+E35 -> 100
B36: Seleksi dan Pembekalan Guru, Kepsek SMA/SMK/PKLK Berprestasi dan Berdedikasi | C36: 2000000000 | D36: 1831301400 | E36: =+D36/C36*100 -> 91.56507 | F36: =+E36 -> 91.56507
B37: SERTIFIKASI GURU DAN PROGRAM KEAHLIAN SMK | C37: 3000000000 | D37: 2999432300 | E37: =+D37/C37*100 -> 99.981077 | F37: =+E37 -> 99.981077
B38: Seleksi dan Pengiriman Mahasiswa Calon Guru Produktif SMK | C38: 840000000 | D38: 838519200 | E38: =+D38/C38*100 -> 99.823714 | F38: =+E38 -> 99.823714
B39: Magang Guru Produktif SMK | C39: 1728211250 | D39: 1567990528 | E39: =+D39/C39*100 -> 90.729101 | F39: =+E39 -> 90.729101
B40: Pelatihan Kompetensi Pendidik Tenaga Kependidikan SMA/SMK/PKLK(Laboratorium, Pustakawan, Arsiparis dan Pengawas Sekolah | C40: 1800000000 | D40: 1754629476 | E40: =+D40/C40*100 -> 97.479415 | F40: =+E40 -> 97.479415
B41: Program Manajemen Pelayanan Pendidikan | C41: =SUM(C42:C57) -> 49725688750 | D41: =SUM(D42:D57) -> 16989567218 | E41: =+D41/C41*100 -> 34.16658 | F41: =+E41 -> 34.16658
B42: Penerapan sistem dan informasi manajemen pendidikan | C42: 1334920000 | D42: 1222723000 | E42: =+D42/C42*100 -> 91.595227 | F42: =+E42 -> 91.595227
B43: Pelaksanaan Rapat Kerja Teknis | C43: 1806390000 | D43: 1755764700 | E43: =+D43/C43*100 -> 97.197432 | F43: =+E43 -> 97.197432
B44: Pelaksanaan Ujian Nasional dan Ujian Sekolah | C44: 5693390000 | D44: 5436869058 | E44: =+D44/C44*100 -> 95.494408 | F44: =+E44 -> 95.494408
B45: Pengembangan Kurikulum dan Kurikulum Muatan Lokal | C45: 300000000 | D45: 300000000 | E45: =+D45/C45*100 -> 100 | F45: =+E45 -> 100
B46: Peningkatan tenaga perencanaan dan ICT | C46: 1761300000 | D46: 1752800279 | E46: =+D46/C46*100 -> 99.517418 | F46: =+E46 -> 99.517418
B47: Pengelolaan PAK (pengelolaan angka kredit) guru, pengawas sekolah, dan pamong belajar | C47: 335000000 | D47: 335000000 | E47: =+D47/C47*100 -> 100 | F47: =+E47 -> 100
B48: Pengembangan Website Pendidikan | C48: 449000000 | D48: 449000000 | E48: =+D48/C48*100 -> 100 | F48: =+E48 -> 100
B49: Supervisi dan Monitoring PBM di Sekolah | C49: 674400000 | D49: 669630000 | E49: =+D49/C49*100 -> 99.292705 | F49: =+E49 -> 99.292705
B50: Rakor Kepala Sekolah SMK | C50: 569738750 | D50: 554699081 | E50: =+D50/C50*100 -> 97.360252 | F50: =+E50 -> 97.360252
B51: Penyusunan Analisa Beban Kerja (ABK) | C51: 418900000 | D51: 418766000 | E51: =+D51/C51*100 -> 99.968011 | F51: =+E51 -> 99.968011
B52: Penyusunan Analisa Jabatan (ANJAB) | C52: 418900000 | D52: 418900000 | E52: =+D52/C52*100 -> 100 | F52: =+E52 -> 100
B53: Bantuan Operasional Sekolah SMA/SMK | C53: 34000000000 | D53: 1516394000 | E53: =+D53/C53*100 -> 4.4599824 | F53: =+E53 -> 4.4599824
... B57: Pengelolaan Personil, Pendanaan Prasarana dan Dokumen SMA SMK | C57: 395200000 | D57: 395200000 | E57: =+D57/C57*100 -> 100 | F57: =+E57 -> 100
B58: Program Peningkatan SDM Pendidikan Tinggi | C58: =+C59+C60 -> 52468526 | E58: =+D58/C58*100 -> 0
B59: Beasiswa Pendidikan Pascasarjana (S2) | C59: 14100000
B60: Beasiswa Pendidikan Doctor (S3) | C60: 38368526 | D60: 0 | E60: =+D60/C60*100 -> 0
B61: Program Pendidikan Khusus dan Layanan Khusus | C61: =SUM(C62:C68) -> 30476100000 | D61: =SUM(D62:D68) -> 28727186152 | E61: =+D61/C61*100 -> 94.261359 | F61: =+E61 -> 94.261359
B62: Pembinaan dan Pengembangan PK/PLK | C62: 3000000000 | D62: 2975075989 | E62: =+D62/C62*100 -> 99.1692 | F62: =+E62 -> 99.1692
B63: Penyediaan guru kontrak SD-SMP dan SMA Model Pendidikan layanan khusus Satu atap berasrama | C63: 10007100000 | D63: 9302258163 | E63: =+D63/C63*100 -> 92.956582 | F63: =+E63 -> 92.956582
B64: Makan dan Minum Siswa SMA N 3 dan SMANKOR | C64: 11716200000 | D64: 11212443800 | E64: =+D64/C64*100 -> 95.700345 | F64: =+E64 -> 95.700345
B65: Biaya Operasional KPG,SMA N 3 Buper dan SMA N Keberbakatan Olahraga | C65: 4015000000 | D65: 4000000000 | E65: =+D65/C65*100 -> 99.626401 | F65: =+E65 -> 99.626401
B66: Biaya Pelatihan Bahasa Inggris | C66: 737800000 | D66: 687408200 | E66: =+D66/C66*100 -> 93.169992 | F66: =+E66 -> 93.169992
B67: Pengadaan Meubeler | C67: 600000000 | D67: 150000000 | E67: =+D67/C67*100 -> 25 | F67: =+E67 -> 25
B68: Penyusunan Road Map PKLK | C68: 400000000 | D68: 400000000 | E68: =+D68/C68*100 -> 100 | F68: =+E68 -> 100
B69: Program Pendidikan Menengah Kejuruan | C69: =SUM(C70:C81) -> 9458100000 | D69: =+D70+D71+D72+D73+D74+D75+D76+D77+D78+D79+D80+D81 -> 9449988600 | E69: =+D69/C69*100 -> 99.914239 | F69: =+E69 -> 99.914239
B70: Lomba Ketrampilan Siswa (LKS-SMK) | C70: 2882000000 | D70: 2878038600 | E70: =+D70/C70*100 -> 99.862547 | F70: =+E70 -> 99.862547
B71: TOT Master Trainer Guru SMK | C71: 500000000 | D71: 500000000 | E71: =+D71/C71*100 -> 100 | F71: =+E71 -> 100
B72: Penyediaan Beasiswa bagi Anak Asli Papua SMK | C72: 375000000 | D72: 374820600 | E72: =+D72/C72*100 -> 99.95216 | F72: =+E72 -> 99.95216
B73: Lomba Debat Bahasa Inggris dan Bahasa Indonesia | C73: 500000000 | D73: 500000000 | E73: =+D73/C73*100 -> 100 | F73: =+E73 -> 100
B74: Sertifikasi Siswa SMK | C74: 970400000 | D74: 968193800 | E74: =+D74/C74*100 -> 99.77265 | F74: =+E74 -> 99.77265
B75: TOT Penyusunan Kurikulum SMK | C75: 981000000 | D75: 981000000 | E75: =+D75/C75*100 -> 100 | F75: =+E75 -> 100
B76: Pembinaan Musyawarah Kelompok Kerja Kepala Sekolah SMK | C76: 899400000 | D76: 898377000 | E76: =+D76/C76*100 -> 99.886258 | F76: =+E76 -> 99.886258
B77: Penyediaan BOMSDA untuk siswa SMK | C77: 461600000 | D77: 461600000 | E77: =+D77/C77*100 -> 100 | F77: =+E77 -> 100
B78: Penyediaan Waktu Materikulasi Siswa OAP di Kelas Awal SMK | C78: 488700000 | D78: 487958600 | E78: =+D78/C78*100 -> 99.848291 | F78: =+E78 -> 99.848291
B79: Revitalisasi Kajian Kurikulum SMK di lima Wilayah Adat | C79: 500000000 | D79: 500000000 | E79: =+D79/C79*100 -> 100 | F79: =+E79 -> 100
B80: Penyelenggaraan Akreditasi Lembaga Kursus Keterampilan | C80: 500000000 | D80: 500000000 | E80: =+D80/C80*100 -> 100 | F80: =+E80 -> 100
B81: Penyusunan Road Map SMK | C81: 400000000 | D81: 400000000 | E81: =+D81/C81*100 -> 100 | F81: =+E81 -> 100
B83: DINAS KESEHATAN | C83: =+C84+C87+C90+C94 -> 5237317000 | D83: =+D84+D87+D90+D94 -> 4296036036 | E83: =+D83/C83*100 -> 82.02742 | F83: =+E83 -> 82.02742
B84: Program peningkatan kapasitas sumber daya aparatur | C84: 1820500000 | D84: =+D85+D86 -> 1510173306 | E84: =+D84/C84*100 -> 82.953766 | F84: =+E84 -> 82.953766
B85: Pendidikan dan pelatihan formal | C85: 866000000 | D85: 578154400 | E85: =+D85/C85*100 -> 66.761478 | F85: =+E85 -> 66.761478
B86: Pendidikan dan Pelatihan Non Formal | C86: 954500000 | D86: 932018906 | E86: =+D86/C86*100 -> 97.644726 | F86: =+E86 -> 97.644726
B87: Program Pengembangan Obat Asli Indonesia | C87: =+C88+C89 -> 209500000 | D87: =+D88+D89 -> 122391500 | E87: =+E88+E89 -> 97.9132 | F87: =+E87 -> 97.9132
B88: Workshop Obat Tradisional Berbasis Wilayah Adat | C88: 125000000 | D88: 122391500 | E88: =+D88/C88*100 -> 97.9132 | F88: =+E88 -> 97.9132
B89: BIMTEK YANKES TRADKOM INTEGRASI DI FKTP DAN FKTL | C89: 84500000
B90: Program Sumber Daya Kesehatan | C90: =+C91+C92+C93 -> 2975475000 | D90: =+D91+D92+D93 -> 2465948930 | E90: =+D90/C90*100 -> 82.875807 | F90: =+E90 -> 82.875807
B91: Sekolah Menengah Kejuruan Analis Kesehatan | C91: 2393300000 | D91: 2038432330 | E91: =+D91/C91*100 -> 85.172454 | F91: =+E91 -> 85.172454
B92: Sosialisasi Sasaran Kinerja Pegawai (SKP) | C92: 378375000 | D92: 309021000 | E92: =+D92/C92*100 -> 81.670565 | F92: =+E92 -> 81.670565
B93: Diklat jabatan fungsional bagi tenaga kesehatan | C93: 203800000 | D93: 118495600 | E93: =+D93/C93*100 -> 58.143081 | F93: =+E93 -> 58.143081
B94: Program Peningkatan Kesehatan Jiwa Masyarakat | C94: 231842000 | D94: =+D95 -> 197522300 | E94: =+E95 -> 85.196944 | F94: =+E94 -> 85.196944
B95: pelatihan deteksi dini dan penatalaksanaan gangguan jiwa bagi tenaga kesehatan di Kabupaten dan PKM | C95: 231842000 | D95: 197522300 | E95: =+D95/C95*100 -> 85.196944 | F95: =+E95 -> 85.196944
B97: Rumah Sakit Umum Daerah Jayapura | C97: =+C98+C100+C102 -> 20455513264 | D97: =+D98+D100+D102 -> 20011723596 | E97: =+D97/C97*100 -> 97.830464 | F97: =+E97 -> 97.830464
B98: Program Upaya Kesehatan Masyarakat | C98: 16674153264 | D98: =+D99 -> 16398939000 | E98: =+D98/C98*100 -> 98.349456 | F98: =+E98 -> 98.349456
B99: Peningkatan Pelayanan Medis Umum dan Masyarakat | C99: 16674153264 | D99: 16398939000 | E99: =+D99/C99*100 -> 98.349456 | F99: =+E99 -> 98.349456
B100: Program Standarisasi Pelayanan Kesehatan | C100: =+C101 -> 3381360000 | D100: =+D101 -> 3380784596 | E100: =+D100/C100*100 -> 99.982983 | F100: =+E100 -> 99.982983
B101: Pelatihan dan Kursus Singkat Tenaga RS | C101: 3381360000 | D101: 3380784596 | E101: =+D101/C101*100 -> 99.982983 | F101: =+E101 -> 99.982983
B102: Program Sumber Daya Kesehatan | C102: 400000000 | D102: =+D103 -> 232000000 | E102: =+D102/C102*100 -> 58 | F102: =+E102 -> 58
B103: Peningkatan Jenjang Pendidikan Tenaga RSU Jayapura | C103: 400000000 | D103: 232000000 | E103: =+D103/C103*100 -> 58 | F103: =+E103 -> 58
B105: Rumah Sakit jiwa | C105: =+C106 -> 1378500000 | D105: =+D106 -> 1286069003 | E105: =+D105/C105*100 -> 93.294813 | F105: =+E105 -> 93.294813
B106: Program Peningkatan Kesehatan Jiwa Masyarakat | C106: =+C107 -> 1378500000 | D106: =+D107 -> 1286069003 | E106: =+E107 -> 93.294813 | F106: =+E106 -> 93.294813
B107: Pelatihan Kesehatan Jiwa Bagi Petugas Kesehatan | C107: 1378500000 | D107: 1286069003 | E107: =+D107/C107*100 -> 93.294813 | F107: =+E107 -> 93.294813
B110: Dinas Sosial, Kependudukan dan Catatan Sipil | C110: =+C111 -> 974759140 | D110: =+D111 -> 974699140 | E110: =+E111 -> 99.993845 | F110: =+E110 -> 99.993845
B111: Perlindungan dan Jaminan Sosial | C111: =+C112 -> 974759140 | D111: =+D112 -> 974699140 | E111: =+D111/C111*100 -> 99.993845 | F111: =+E111 -> 99.993845
B112: Pelatihan dan Pengarahan Taruna Siaga Bencana (TAGANA) | C112: 974759140 | D112: 974699140 | E112: =+D112/C112*100 -> 99.993845 | F112: =+E112 -> 99.993845
...

Sheet A.7
B3: REKAPITULASI ALOKASI DAN REALISASI PENGGUNAAN DANA OTONOMI KHUSUS UNTUK KESEHATAN
B4: DIURAIKAN BERDASARKAN, ORGANISASI, PROGRAM/KEGIATAN PROVINSI DAN KABUPATEN/KOTA
B5: TAHUN ANGGARAN 2018
B7: PROVINSI : PAPUA
B8: =+A.3!C8 -> PENERIMAAN : Rp5.620.854.115.000 | H8: Tabel A.7
B10: NO. | C10: U R A I A N | D10: PERMINTAAN PENYALURAN TAHAP III | H10: KET
D11: ALOKASI ANGGARAN (Rp.) | E11: REALISASI ANGGARAN (Rp.) | F11: PROSENTASE REALISASI ANGGARAN (%) | G11: CAPAIAN OUTPUT (%)
B12: (1) | C12: (2) | D12: (3) | E12: (4) | F12: (5) | G12: (6) | H12: (7)
B14: A | C14: PROVINSI | D14: =+D15+D92+D112+D127 -> 161500000000 | E14: =+E15+E92+E112+E127 -> 1.4547337e+11 | F14: =+E14/D14*100 -> 90.076391 | G14: =(G15+G92+G112+G127)/5 -> 72.9881
C15: Dinas Kesehatan | D15: =+D16+D18+D21+D31+D33+D40+D42+D44+D47+D59+D61+D63+D67+D78+D82+D86+D88 -> 61500000000 | E15: =+E16+E18+E21+E31+E33+E40+E44+E42+E47+E59+E61+E63+E67+E78+E82+E86 -> 49746587743 | F15: =+E15/D15*100 -> 80.888761 | G15: =+F15 -> 80.888761
C16: Program peningkatan sarana dan prasarana aparatur | D16: 20547000000 | E16: =+E17 -> 14318810000 | F16: =E16/D16*100 -> 69.688081 | G16: =+F16 -> 69.688081
C17: Pembangunan gedung kantor | D17: 20547000000 | E17: 14318810000 | F17: =+E17/D17*100 -> 69.688081 | G17: =+F17 -> 69.688081
C18: Program peningkatan kapasitas sumber daya aparatur | D18: 1820500000 | E18: =+E19+E20 -> 1510173306 | F18: =+E18/D18*100 -> 82.953766 | G18: =+F18 -> 82.953766
C19: Pendidikan dan pelatihan formal | D19: 866000000 | E19: 578154400 | F19: =+E19/D19*100 -> 66.761478 | G19: =+F19 -> 66.761478
C20: Pendidikan dan Pelatihan Non Formal | D20: 954500000 | E20: 932018906 | F20: =+E20/D20*100 -> 97.644726 | G20: =+F20 -> 97.644726
C21: Program Obat dan Perbekalan Kesehatan | D21: 4057932507 | E21: =SUM(E22:E30) -> 3584707072 | F21: =+E21/D21*100 -> 88.338263 | G21: =+F21 -> 88.338263
C22: Peningkatan mutu pelayanan farmasi komunitas dan rumah sakit | D22: 459645000 | E22: 394949340 | F22: =+E22/D22*100 -> 85.924864 | G22: =+F22 -> 85.924864
C23: Monitoring pemanfaatan buffer stock di GFK/RS/PKM dan pos obat kampung serta evaluasi hasil magang tenaga GF kab/kota | D23: 360750000 | E23: 258392400 | F23: =+E23/D23*100 -> 71.626445 | G23: =+F23 -> 71.626445
C24: Pengadaan obat buffer stock provinsi | D24: 1476262880 | E24: 1370512945 | F24: =+E24/D24*100 -> 92.836646 | G24: =+F24 -> 92.836646
C25: Pengadaan obat-obatan untuk program HIV/AIDS | D25: 410243320 | E25: 395177943 | F25: =+E25/D25*100 -> 96.327697 | G25: =+F25 -> 96.327697
C26: Pengadaan Obat-obatan Program P2M | D26: 424473600 | E26: 260892604 | F26: =+E26/D26*100 -> 61.462622 | G26: =+F26 -> 61.462622
C27: Pengadaan logistik Non Oat Provinsi Papua | D27: 417915000 | E27: 414190000 | F27: =+E27/D27*100 -> 99.10867 | G27: =+F27 -> 99.10867
C28: Pengadaan reagen IMS Provinsi Papua | D28: 107112000 | E28: 107082460 | F28: =+E28/D28*100 -> 99.972421 | G28: =+F28 -> 99.972421
C29: Pengelolaan Perbekalan Farmasi/Gudang Obat Buffer Stock Provinsi | D29: 158600000 | E29: 150744500 | F29: =+E29/D29*100 -> 95.046974 | G29: =+F29 -> 95.046974
C30: Pembekalan Penanggung Jawab Sarana Distribusi Obat (PBF) Tingkat Provinsi | D30: 242930707 | E30: 232764880 | F30: =+E30/D30*100 -> 95.815339 | G30: =+F30 -> 95.815339
C31: Program Upaya Kesehatan Masyarakat | D31: 433166000 | E31: =+E32 -> 325331040 | F31: =+E31/D31*100 -> 75.105396 | G31: =+F31 -> 75.105396
C32: Pembinaan Akreditasi Puskesmas | D32: 433166000 | E32: 325331040 | F32: =+E32/D32*100 -> 75.105396 | G32: =+F32 -> 75.105396
C33: Program Pengembangan Obat Asli Indonesia | D33: 479658326 | E33: =SUM(E34:E39) -> 341920000 | F33: =+E33/D33*100 -> 71.284075 | G33: =+F33 -> 71.284075
C34: Workshop Obat Tradisional Berbasis Wilayah Adat | D34: 125000000 | E34: 122391500 | F34: =+E34/D34*100 -> 97.9132 | G34: =+F34 -> 97.9132
C35: Pertemuan data jaringan informasi dan dokumentasi SP3T | D35: 102600000 | E35: 83096000 | F35: =+E35/D35*100 -> 80.990253 | G35: =+F35 -> 80.990253
C36: RAPAT RUTIN SP3T | D36: 69533326 | E36: 42032500 | F36: =+E36/D36*100 -> 60.449431 | G36: =+F36 -> 60.449431
C37: ADMINISTRASI KEGIATAN SP3T | D37: 59400000 | E37: 59400000 | F37: =+E37/D37*100 -> 100 | G37: =+F37 -> 100
C38: BIMTEK YANKES TRADKOM INTEGRASI DI FKTP DAN FKTL | D38: 84500000 | E38: 0 | F38: =+E38/D38*100 -> 0 | G38: =+F38 -> 0
C39: VERIFIKASI DOKUMEN DAN PENILAIAN KE LAPANGAN PENILAIAN PEMANFAATAN TOGA | D39: 38625000 | E39: 35000000 | F39: =+E39/D39*100 -> 90.614887 | G39: =+F39 -> 90.614887
C40: Program Promosi Kesehatan dan Pemberdayaan masyarakat | D40: 402397000 | E40: =SUM(E41) -> 256528300 | F40: =+E40/D40*100 -> 63.750053 | G40: =+F40 -> 63.750053
C41: Pengembangan media promosi dan informasi sadar hidup sehat | D41: 402397000 | E41: 256528300 | F41: =+E41/D41*100 -> 63.750053 | G41: =+F41 -> 63.750053
C42: Program Perbaikan Gizi Masyarakat | D42: 266030500 | E42: 0 | F42: =+E42/D42*100 -> 0 | G42: =+F42 -> 0
C43: Pertemuan pencatatan dan pelaporan program gizi | D43: 266030500 | E43: 0 | F43: =+E43/D43*100 -> 0 | G43: =+F43 -> 0
C44: Program Pengembangan Lingkungan Sehat | D44: 481025000 | E44: =+E45+E46 -> 210390980 | F44: =+E44/D44*100 -> 43.738055 | G44: =+F44 -> 43.738055
C45: Pengawasan Kualitas Air | D45: 377325000 | E45: 210390980 | F45: =+E45/D45*100 -> 55.758558 | G45: =+F45 -> 55.758558
C46: Pembinaan Kebugaran Jasmani | D46: 103700000 | E46: 0 | F46: =+E46/D46*100 -> 0 | G46: =+F46 -> 0
C47: Program Pencegahan dan Penanggulangan Penyakit Menular | D47: 2272658000 | E47: =SUM(E48:E58) -> 2000340085 | F47: =+E47/D47*100 -> 88.017647 | G47: =+F47 -> 88.017647
C48: Pencegahan dan Pemberantasan Penyakit IMS-HIV/AIDS | D48: 400000000 | E48: 298329559 | F48: =+E48/D48*100 -> 74.58239 | G48: =+F48 -> 74.58239
C49: Pemberantasan penyakit DBD | D49: 115800000 | E49: 115649200 | F49: =+E49/D49*100 -> 99.869775 | G49: =+F49 -> 99.869775
C50: Pemberantasan penyakit Malaria | D50: 330000000 | E50: 302700669 | F50: =+E50/D50*100 -> 91.727475 | G50: =+F50 -> 91.727475
C51: Pemberantasan Penyakit Kusta | D51: 115435000 | E51: 114633000 | F51: =+E51/D51*100 -> 99.305237 | G51: =+F51 -> 99.305237
C52: Eradikasi Polio, reduksi Campak dan eliminasi Tetanus | D52: 155000000 | E52: 152202047 | F52: =+E52/D52*100 -> 98.194869 | G52: =+F52 -> 98.194869
C53: Penanggulangan penyakit Taeniasis | D53: 116500000 | E53: 98906384 | F53: =+E53/D53*100 -> 84.898184 | G53: =+F53 -> 84.898184
C54: Peningkatan pelayanan Imunisasi di Provinsi dan Kabupaten. | D54: 103129000 | E54: 102939027 | F54: =+E54/D54*100 -> 99.815791 | G54: =+F54 -> 99.815791
C55: Penangulangan penyakit TBC | D55: 400000000 | E55: 321709800 | F55: =+E55/D55*100 -> 80.42745 | G55: =+F55 -> 80.42745
C56: Penanggulangan Penyakit Tidak Menular | D56: 333569000 | E56: 290810760 | F56: =+E56/D56*100 -> 87.181591 | G56: =+F56 -> 87.181591
C57: Peningkatan Pengendalian dan Pencegahan ISPA di Wilayah Regional | D57: 103225000 | E57: 102531300 | F57: =+E57/D57*100 -> 99.327973 | G57: =+F57 -> 99.327973
C58: Penanggulangan Penyakit Hepatitis | D58: 100000000 | E58: 99928339 | F58: =+E58/D58*100 -> 99.928339 | G58: =+F58 -> 99.928339
C59: Program Kemitraan peningkatan pelayanan kesehatan | D59: 5270000000 | E59: =SUM(E60:E62) -> 4918919645 | F59: =+E59/D59*100 -> 93.338134 | G59: =+F59 -> 93.338134
C60: Pengelolaan mitra pembangunan kesehatan | D60: 5270000000 | E60: 4918919645 | F60: =+E60/D60*100 -> 93.338134 | G60: =+F60 -> 93.338134
C61: Program peningkatan pelayanan kesehatan anak balita | D61: 254169500 | E61: 0 | F61: =+E61/D61*100 -> 0 | G61: =+F61 -> 0
C62: Peningkatan Kemampuan Bidan di Desa untuk pencegahan penularan HIV/AIDS dari ibu ke Janin | D62: 254169500 | E62: 0 | F62: =+E62/D62*100 -> 0 | G62: =+F62 -> 0
C63: Program kebijakan dan manajemen pembangunan kesehatan | D63: 1587724753 | E63: =SUM(E64:E66) -> 1553001983 | F63: =+E63/D63*100 -> 97.813049 | G63: =+F63 -> 97.813049
C64: Monitoring dan Supervisi perencanaan serta singkronisasi Program | D64: 389900000 | E64: 386937183 | F64: =+E64/D64*100 -> 99.240108 | G64: =+F64 -> 99.240108
C65: Pendampingan perencanaan pada daerah Bermasalah Kesehatan | D65: 1124297403 | E65: 1093637500 | F65: =+E65/D65*100 -> 97.272972 | G65: =+F65 -> 97.272972
C66: Penyusunan renstra Dinas Kesehatan Provinsi Papua & Kabupaten/Kota | D66: 73527350 | E66: 72427300 | F66: =+E66/D66*100 -> 98.50389 | G66: =+F66 -> 98.50389
C67: Program Sumber Daya Kesehatan | D67: 17109928250 | E67: =SUM(E68:E77) -> 15492357192 | F67: =+E67/D67*100 -> 90.546009 | G67: =+F67 -> 90.546009
C68: Koordinasi Teknis Program SDK dengan Kab/Kota | D68: 174525000 | E68: 11369700 | F68: =+E68/D68*100 -> 6.5146541 | G68: =+F68 -> 6.5146541
C69: Pembinaan Organisasi Profesi Bidang Kesehatan | D69: 242000000 | E69: 135017563 | F69: =+E69/D69*100 -> 55.792381 | G69: =+F69 -> 55.792381
C70: Peningkatan kapasitas widyaswara | D70: 162500000 | E70: 99871300 | F70: =+E70/D70*100 -> 61.459262 | G70: =+F70 -> 61.459262
C71: Pelaksanaan Akreditasi Balai pelatihan tenaga kesehatan sebagai pusat pelatihan lokal terbaik di Papua | D71: 95003250 | E71: 94982500 | F71: =+E71/D71*100 -> 99.978159 | G71: =+F71 -> 99.978159
C72: Satuan tugas pelayanan kesehatan kaki telanjang/jalan kaki, pelayanan terapung dan terbang ( Satgas kijang ) | D72: 8697650000 | E72: 8001970499 | F72: =+E72/D72*100 -> 92.001523 | G72: =+F72 -> 92.001523
C73: Pembangunan gedung dan peralatan serta pemeliharaan bapelkes | D73: 4271000000 | E73: 4205000000 | F73: =+E73/D73*100 -> 98.454694 | G73: =+F73 -> 98.454694
C74: Sekolah Menengah Kejuruan Analis Kesehatan | D74: 2393300000 | E74: 2038432330 | F74: =+E74/D74*100 -> 85.172454 | G74: =+F74 -> 85.172454
C75: Sosialisasi Sasaran Kinerja Pegawai (SKP) | D75: 378375000 | E75: 309021000 | F75: =+E75/D75*100 -> 81.670565 | G75: =+F75 -> 81.670565
C76: Diklat jabatan fungsional bagi tenaga kesehatan | D76: 203800000 | E76: 118495600 | F76: =+E76/D76*100 -> 58.143081 | G76: =+F76 -> 58.143081
C77: penarkan dokter PTT - gigi | D77: 491775000 | E77: 478196700 | F77: =+E77/D77*100 -> 97.23892 | G77: =+F77 -> 97.23892
C78: Program Peningkatan Pelayanan Laboratorium | D78: 4469689000 | E78: =SUM(E79:E81) -> 4228576411 | F78: =+E78/D78*100 -> 94.605607 | G78: =+F78 -> 94.605607
C79: Pengadaan bahan pemeriksaan Laboratorium | D79: 3198169000 | E79: 3187866000 | F79: =+E79/D79*100 -> 99.677847 | G79: =+F79 -> 99.677847
C80: Bimbingan Tehnik ke Kabupaten/Kota | D80: 416750000 | E80: 367680500 | F80: =+E80/D80*100 -> 88.225675 | G80: =+F80 -> 88.225675
C81: Penjaminan mutu laboratorium | D81: 854770000 | E81: 673029911 | F81: =+E81/D81*100 -> 78.73813 | G81: =+F81 -> 78.73813
C82: Program Pengembangan Data/Informasi | D82: 849980164 | E82: =SUM(E83:E85) -> 808009429 | F82: =+E82/D82*100 -> 95.062151 | G82: =+F82 -> 95.062151
C83: Pengelolaan data/informasi kesehatan | D83: 610154739 | E83: 597349179 | F83: =+E83/D83*100 -> 97.90126 | G83: =+F83 -> 97.90126
C84: Penyusunan Profil Kesehatan Provinsi | D84: 116903810 | E84: 91713250 | F84: =+E84/D84*100 -> 78.451891 | G84: =+F84 -> 78.451891
C85: Pembinaan penyusunan profil Kesehatan Kab/Kota | D85: 122921615 | E85: 118947000 | F85: =+E85/D85*100 -> 96.766545 | G85: =+F85 -> 96.766545
C86: Program Peningkatan Kesehatan Jiwa Masyarakat | D86: 231842000 | E86: =+E87 -> 197522300 | F86: =+E86/D86*100 -> 85.196944 | G86: =+F86 -> 85.196944
C87: pelatihan deteksi dini dan penatalaksanaan gangguan jiwa bagi tenaga kesehatan di Kabupaten dan PKM | D87: 231842000 | E87: 197522300 | F87: =+E87/D87*100 -> 85.196944 | G87: =+F87 -> 85.196944
C88: Upaya Kesehatan Perorangan | D88: =+D89+D90 -> 966299000 | E88: =+E89+E90 -> 365786900 | F88: =+E88/D88*100 -> 37.854422 | G88: =+F88 -> 37.854422
C89: Bimbingan Teknis Akreditasi Rumah Sakit | D89: 433649000 | E89: 365786900 | F89: =+E89/D89*100 -> 84.350915 | G89: =+F89 -> 84.350915
C90: Dukungan tenaga Kesehatan dan Fasilitas Kesehatan dalam pelaksanaan PON di Papua tahun 2020 | D90: 532650000 | E90: 0 | F90: =+E90/D90*100 -> 0 | G90: =+F90 -> 0
C92: Rumah Sakit Umum Daerah Jayapura | D92: 50000000000 | E92: =+E93+E96+E98+E100+E107+E109 -> 49055328341 | F92: =+E92/D92*100 -> 98.110657 | G92: =+F92 -> 98.110657
C93: Program Pelayanan Administrasi Perkantoran | D93: 9914088968 | E93: =SUM(E94:E95) -> 9742298993 | F93: =+E93/D93*100 -> 98.267214 | G93: =+F93 -> 98.267214
C94: Penyediaan jasa komunikasi, sumber daya air dan listrik | D94: 4930040000 | E94: 4798268581 | F94: =+E94/D94*100 -> 97.327173 | G94: =+F94 -> 97.327173
C95: Penyediaan jasa kebersihan kantor | D95: 4984048968 | E95: 4944030412 | F95: =+E95/D95*100 -> 99.197067 | G95: =+F95 -> 99.197067
C96: Program Upaya Kesehatan Masyarakat | D96: 16674153264 | E96: =+E97 -> 16398939000 | F96: =+E96/D96*100 -> 98.349456 | G96: =+F96 -> 98.349456
C97: Peningkatan Pelayanan Medis Umum dan Masyarakat | D97: 16674153264 | E97: 16398939000 | F97: =+E97/D97*100 -> 98.349456 | G97: =+F97 -> 98.349456
C98: Program Standarisasi Pelayanan Kesehatan | D98: 2779800000 | E98: =+E99 -> 2779800000 | F98: =+E98/D98*100 -> 100 | G98: =+F98 -> 100
C99: Pelatihan dan Kursus Singkat Tenaga RS | D99: 2779800000 | E99: =+D99 -> 2779800000 | F99: =+E99/D99*100 -> 100 | G99: =+F99 -> 100
C100: Program pengadaan, peningkatan sarana dan prasarana rumah sakit/rumah sakit jiwa/rumah sakit paru-paru/rumah sakit mata | D100: 18511957768 | E100: =SUM(E101:E106) -> 18182290348 | F100: =+E100/D100*100 -> 98.219165 | G100: =+F100 -> 98.219165
C101: Pengadaan alat-alat kesehatan rumah sakit | D101: 1500000000 | E101: =+D101 -> 1500000000 | F101: =+E101/D101*100 -> 100 | G101: =+F101 -> 100
C102: Pengadaan obat-obatan rumah sakit | D102: 2000000000 | E102: 1982078274 | F102: =+E102/D102*100 -> 99.103914 | G102: =+F102 -> 99.103914
C103: Pengadaan bahan-bahan logistik rumah sakit | D103: 5654000000 | E103: 5488670654 | F103: =+E103/D103*100 -> 97.075887 | G103: =+F103 -> 97.075887
C104: Pengadaan pencetakan administrasi dan surat menyurat rumah sakit | D104: 1034050000 | E104: =+D104 -> 1034050000 | F104: =+E104/D104*100 -> 100 | G104: =+F104 -> 100
C105: Pengadaan Bahan Makanan untuk Penderita | D105: 3373907768 | E105: 3252639500 | F105: =+E105/D105*100 -> 96.405703 | G105: =+F105 -> 96.405703
C106: Pengadaan Bahan Habis Pakai Rumah Sakit | D106: 4950000000 | E106: 4924851920 | F106: =+E106/D106*100 -> 99.491958 | G106: =+F106 -> 99.491958
...

Sheet A.9
B2: REKAPITULASI ALOKASI DAN REALISASI PENGGUNAAN DANA TAMBAHAN INFRASTRUKTUR
B3: DIURAIKAN BERDASARKAN, ORGANISASI, PROGRAM/KEGIATAN
B4: TAHUN ANGGARAN 2018
B6: PROVINSI : PAPUA
B7: PENERIMAAN : Rp 2.400.000.000.000 | H7: Tabel A.9
C8: PENERIMAAN : Rp 2.400.000.000.000
B9: NO. | C9: U R A I A N | D9: PERMINTAAN PENYALURAN TAHAP III | H9: KET
D10: ALOKASI ANGGARAN (Rp.) | E10: REALISASI ANGGARAN (Rp.) | F10: PROSENTASE REALISASI ANGGARAN (%) | G10: CAPAIAN OUTPUT (%)
B11: (1) | C11: (2) | D11: (3) | E11: (4) | F11: (5) | G11: (6) | H11: (7)
B13: A | C13: PROVINSI | D13: =+D14+D79+D91+D138+D149+D164+D185+D190 -> 2400000000000 | E13: =+E14+E79+E91+E138+E149+E164+E185+E190 -> 1.8620452e+12 | F13: =+E13/D13*100 -> 77.585217 | G13: =(G14+G65+G91+G121+G138+G164+G185+G190)/8 -> 74.78726
C14: Dinas Pekerjaan Umum dan Penataan Ruang | D14: =+D15+D34+D36+D38+D43+D50+D56+D58+D76 -> 991491242000 | E14: =+E15+E34+E36+E38+E43+E50+E56+E58+E60+E76 -> 6.6113031e+11 | F14: =+E14/D14*100 -> 66.680399 | G14: =+F14 -> 66.680399
C15: Program Pembangunan Jalan dan Jembatan | D15: =SUM(D16:D33) -> 628296659119 | E15: 4.2592523e+11 | F15: =+E15/D15*100 -> 67.790465 | G15: =+F15 -> 67.790465
C16: Pembangunan Ring Road Jayapura - Sentani (Lingkar Dalam), Jbt | D16: 181377691560 | E16: 1.2851389e+11 | F16: =+E16/D16*100 -> 70.854298 | G16: =+F16 -> 70.854298
C17: Pembangunan Jalan Enarotali (Paniai) - Sugapa, (139) (50 Km) | D17: 23000000000 | E17: 1.7353973e+10 | F17: =+E17/D17*100 -> 75.452057 | G17: =+F17 -> 75.452057
C18: Pembangunan Jalan Burmeso - Gesa - Barapasi (118), 194,60 Km | D18: 15000000000 | E18: 1.0918232e+10 | F18: =+E18/D18*100 -> 72.788211 | G18: =+F18 -> 72.788211
C19: Pembangunan Jalan Taja - SP V - Kwarja (106) | D19: 20000000000 | E19: 1.3567553e+10 | F19: =+E19/D19*100 -> 67.837767 | G19: =+F19 -> 67.837767
C20: Pembangunan Jembatan Holtekamp Jayapura (Landmark Papua) | D20: 201728613565 | E20: 190702099924 | F20: =+E20/D20*100 -> 94.533986 | G20: =+F20 -> 94.533986
C21: Pembangunan Jalan Keppi - Bade (181) | D21: 25000000000 | E21: 107536707 | F21: =+E21/D21*100 -> 0.43014683 | G21: =+F21 -> 0.43014683
C22: Pembangunan Jalan Karubaga - Wunim - Bokondini (154) | D22: 20000000000 | E22: 3.383397e+09 | F22: =+E22/D22*100 -> 16.916985 | G22: =+F22 -> 16.916985
C23: Pembangunan Jalan Elelim - Kobakma | D23: 45000000000 | E23: 1.958585e+10 | F23: =+E23/D23*100 -> 43.524112 | G23: =+F23 -> 43.524112
C24: Pembangunan Jembatan Kauga (60 M'') (Kaugapu - SP V) | D24: 17000000000 | E24: 109471756 | F24: =+E24/D24*100 -> 0.64395151 | G24: =+F24 -> 0.64395151
C25: Pembangunan Jembatan Sanoba (di ruas jalan Samabusa - Nabarua Bawah) | D25: 7322308440 | E25: 5.3881204e+09 | F25: =+E25/D25*100 -> 73.584997 | G25: =+F25 -> 73.584997
C26: Pembangunan Jembatan Kali Ubiyong (25 M'') (Arso XIV - Sawia - kwarja (114)) | D26: 1253337829 | E26: 48927644 | F26: =+E26/D26*100 -> 3.9037874 | G26: =+F26 -> 3.9037874
C27: Pembangunan Jembatan Pun (Bolakme - Kelila - Bokondini (167)) | D27: 15000000000 | E27: 116216307 | F27: =+E27/D27*100 -> 0.77477538 | G27: =+F27 -> 0.77477538
... C29: Pembebasan Lahan Jembatan Wosi | D29: 638625000 | E29: 38220000 | F29: =+E29/D29*100 -> 5.9847328 | G29: =+F29 -> 5.9847328
C30: Pembangunan Jalan SP II - Napan (138) 20,00 Km (KEWAJIBAN) | D30: 19944836877 | E30: 19944836877 | F30: =+E30/D30*100 -> 100 | G30: 100
C31: Pembangunan Jalan Tengon - Lereh (KEWAJIBAN) | D31: 4472600000 | E31: 4472600000 | F31: =+E31/D31*100 -> 100 | G31: 100
C32: Pembangunan Jalan Nume - Tiom (KEWAJIBAN) | D32: 9397766789 | E32: 9397766789 | F32: =+E32/D32*100 -> 100 | G32: =+F32 -> 100
C33: Pengadaan Rangka/Tiang Pancang Jembatan (KEWAJIBAN) | D33: 2160879059 | E33: 2160879059 | F33: =+E33/D33*100 -> 100 | G33: =+F33 -> 100
C34: Program rehabilitasi/pemeliharaan Jalan dan Jembatan | D34: 71554861654 | E34: 28849163695 | F34: =+E34/D34*100 -> 40.317545 | G34: =+F34 -> 40.317545
C35: Pemeliharaan Jalan dan Jembatan Provinsi Papua | D35: 71554861654 | E35: 28849163695 | F35: =+E35/D35*100 -> 40.317545 | G35: =+F35 -> 40.317545
C36: Program pengembangan dan pengelolaan jaringan irigasi, rawa dan jaringan pengairan lainnya | D36: =+D37 -> 5303324311 | E36: 23059316 | F36: =+E36/D36*100 -> 0.43480871 | G36: =+F36 -> 0.43480871
C37: Peningkatan Jaringan Irigasi DI. Lereh SP 5 | D37: 5303324311 | E37: 23059316 | F37: =+E37/D37*100 -> 0.43480871 | G37: =+F37 -> 0.43480871
C38: Program penyediaan dan pengolahan air baku | D38: =+D39+D40+D41+D42 -> 22070218847 | E38: 9469614903 | F38: =+E38/D38*100 -> 42.906756 | G38: =+F38 -> 42.906756
C39: Pembangunan Infrastruktur Air Bersih/Baku Kabupaten Tolikara | D39: 5550883874 | E39: 5004487968 | F39: =+E39/D39*100 -> 90.156596 | G39: =+F39 -> 90.156596
C40: Pembangunan Infrastruktur Air Bersih/Baku Kabupaten Yahukimo | D40: 5880939283 | E40: 60169687 | F40: =+E40/D40*100 -> 1.0231306 | G40: =+F40 -> 1.0231306
C41: Pembangunan Infrastruktur Air Bersih/Baku Kabupaten Nduga | D41: 5815618701 | E41: 75548437 | F41: =+E41/D41*100 -> 1.299061 | G41: =+F41 -> 1.299061
C42: Pembangunan Infrastruktur Air Bersih/Baku Kabupaten Lanny Jaya | D42: 4822776989 | E42: 4329408811 | F42: =+E42/D42*100 -> 89.77004 | G42: =+F42 -> 89.77004
C43: Program pengembangan kinerja pengelolaan air minum dan air limbah | D43: =+D44+D45+D46+D47+D48+D49 -> 62489904512 | E43: 2.1757891e+10 | F43: =+E43/D43*100 -> 34.818249 | G43: =+F43 -> 34.818249
C44: Pembangunan SPAM Kabupaten Jayawijaya | D44: 223869241 | E44: 61026350 | F44: =+E44/D44*100 -> 27.259819 | G44: =+F44 -> 27.259819
C45: Pengembangan SPAM Distrik Nabire | D45: 247842010 | E45: 70700500 | F45: =+E45/D45*100 -> 28.526439 | G45: =+F45 -> 28.526439
C46: Pembangunan DRAINASE di Kota Jayapura | D46: 46631424507 | E46: 10012060249 | F46: =+E46/D46*100 -> 21.470629 | G46: =+F46 -> 21.470629
C47: Pembangunan jaringan air bersih di kab Intan Jaya | D47: 308231008 | E47: 93913500 | F47: =+E47/D47*100 -> 30.468544 | G47: =+F47 -> 30.468544
C48: Pembangunan jaringan air bersih di Kampung Harapan | D48: 9003600000 | E48: 8.7883682e+09 | F48: =+E48/D48*100 -> 97.609491 | G48: =+F48 -> 97.609491
C49: Penyusunan DED Air Bersih di Provinsi Papua | D49: 6074937746 | E49: 2731821750 | F49: =+E49/D49*100 -> 44.96872 | G49: =+F49 -> 44.96872
C50: Program pengendalian banjir | D50: =SUM(D51:D55) -> 55541114902 | E50: 1.9581184e+10 | F50: =+E50/D50*100 -> 35.255295 | G50: =+F50 -> 35.255295
C51: Pengendalian Banjir Sungai Tami Kab. Keerom | D51: 8489190594 | E51: 3.1200155e+09 | F51: =+E51/D51*100 -> 36.752803 | G51: =+F51 -> 36.752803
C52: Pembangunan Pengamanan Pantai Kurudu Kep. Yapen | D52: 7594440206 | E52: 76147687 | F52: =+E52/D52*100 -> 1.0026768 | G52: =+F52 -> 1.0026768
C53: Pembangunan Pengaman Pantai MAF Kabupaten Nabire | D53: 3543873706 | E53: 2871669820 | F53: =+E53/D53*100 -> 81.031946 | G53: =+F53 -> 81.031946
C54: Pengendalian Banjir Arso IV | D54: 8484549098 | E54: 32788187 | F54: =+E54/D54*100 -> 0.38644584 | G54: =+F54 -> 0.38644584
C55: Pembangunan prasarana pengendali banjir | D55: 27429061298 | E55: 13480562531 | F55: =+E55/D55*100 -> 49.147006 | G55: =+F55 -> 49.147006
C56: Program pengembangan wilayah strategis dan cepat tumbuh | D56: =+D57 -> 87811892982 | E56: 8.6221007e+10 | F56: =+E56/D56*100 -> 98.188302 | G56: =+F56 -> 98.188302
C57: Pembangunan Fasilitas Lapangan Olahraga Mandala | D57: 87811892982 | E57: 8.6221007e+10 | F57: =+E57/D57*100 -> 98.188302 | G57: =+F57 -> 98.188302
C58: Program pembangunan infrastruktur pedesaaan | D58: =+D59 -> 28438314379 | E58: 6.6514813e+09 | F58: =+E58/D58*100 -> 23.389154 | G58: =+F58 -> 23.389154
C59: Penataan Kawasan Tugu Patung Yesus | D59: 28438314379 | E59: 6.6514813e+09 | F59: =+E59/D59*100 -> 23.389154 | G59: =+F59 -> 23.389154
C60: Peningkatan Jalan dan Jembatan | D60: =+D61+D62+D63+D64+D65 -> 60074837670 | E60: 4.1771233e+10 | F60: =+E60/D60*100 -> 69.531994 | G60: =+F60 -> 69.531994
C61: Peningkatan Jalan Berap - Nimbotong - Lereh - Tengon (110) | D61: 14000000000 | E61: 1.1148908e+10 | F61: =+E61/D61*100 -> 79.635056 | G61: =+F61 -> 79.635056
C62: Peningkatan Jalan Legare - Samabusa | D62: 9000000000 | E62: 5.7543955e+09 | F62: =+E62/D62*100 -> 63.937727 | G62: =+F62 -> 63.937727
C63: Peningkatan Jalan Karubaga - Wunim - Bokondini (154) | D63: 15000000000 | E63: 3065611570 | F63: =+E63/D63*100 -> 20.43741 | G63: =+F63 -> 20.43741
C64: Peningkatan Jalan Legare - Samabusa (KEWAJIBAN) | D64: 16673862670 | E64: 16673862670 | F64: =+E64/D64*100 -> 100 | G64: =+F64 -> 100
C65: Peningkatan Jalan Kuansu - Besum - Genyem (KEWAJIBAN) | D65: 5400975000 | E65: 5128455028 | F65: =+E65/D65*100 -> 94.954245 | G65: =+F65 -> 94.954245
C66: Program Perencanaan Teknis Jalan dan Jembatan | D66: 29984951294 | E66: 20880453020 | F66: =+E66/D66*100 -> 69.636441 | G66: =+F66 -> 69.636441
C67: Perencanaan Teknis Jalan dan Jembatan di Provinsi Papua | D67: 29984951294 | E67: 20880453020 | F67: =+E67/D67*100 -> 69.636441 | G67: =+F67 -> 69.636441
C68: Penyusunan IRMS dan BMS Kebinamargaan | D68: 0 | E68: 0 | F68: =+E68/D68*100 -> #DIV/0! | G68: =+F68 -> #DIV/0!
C69: Penataan Peningkatan Infrastruktur Kawasan Pemukiman di Kabupaten Jayapura | D69: 1000000000 | E69: 981333000 | F69: =+E69/D69*100 -> 98.1333 | G69: =+F69 -> 98.1333
C70: Penataan Peningkatan Infrastruktur Kawasan Pemukiman di Kabupaten Biak | D70: 1000000000 | E70: 930542200 | F70: =+E70/D70*100 -> 93.05422 | G70: =+F70 -> 93.05422
C71: Penataan Peningkatan Infrastruktur Kawasan Pemukiman di Kabupaten Keerom | D71: 1500000000 | E71: 1498085000 | F71: =+E71/D71*100 -> 99.872333 | G71: =+F71 -> 99.872333
C72: Program Lingkungan Sehat Perumahan | D72: =D73 -> 1800000000 | E72: =+E73 -> 1736102600 | F72: =+E72/D72*100 -> 96.450144 | G72: =+F72 -> 96.450144
C73: Penataan peningkatan infrastruktur pemukiman kawasan kumuh di Kota Jayapura (APO dan Kloofkamp) | D73: 1800000000 | E73: 1736102600 | F73: =+E73/D73*100 -> 96.450144 | G73: =+F73 -> 96.450144
C74: Program perbaikan perumahan akibat bencana alam/sosial | D74: =D75 -> 1200000000 | E74: =+E75 -> 1153900000 | F74: =+E74/D74*100 -> 96.158333 | G74: =+F74 -> 96.158333
C75: Fasilitasi dan stimulasi rahabilitasi rumah akibat bencana alam | D75: 1200000000 | E75: 1153900000 | F75: =+E75/D75*100 -> 96.158333 | G75: =+F75 -> 96.158333
C76: Program Perencanaan Teknis Jalan dan Jembatan | D76: 29984951294 | E76: 20880453020 | F76: =+E76/D76*100 -> 69.636441 | G76: =+F76 -> 69.636441
C77: Perencanaan Teknis Jalan dan Jembatan di Provinsi Papua | D77: 29984951294 | E77: 20880453020 | F77: =+E77/D77*100 -> 69.636441 | G77: =+F77 -> 69.636441
G78: =+F78 -> 0
C79: Dinas Perumahan, Kawasan Pemukiman dan Pertanahan | D79: =+D80+D86+D88 -> 10000000000 | E79: =+E80+E86+E88 -> 9693721600 | F79: =+E79/D79*100 -> 96.937216 | G79: =+F79 -> 96.937216
C80: Program Pengembangan Perumahan | D80: 7000000000 | E80: 6803719000 | F80: =+E80/D80*100 -> 97.195986 | G80: =+F80 -> 97.195986
C81: Penataan Peningkatan Infrastruktur Kawasan Pemukiman di Kota Jayapura | D81: 2500000000 | E81: 2472024900 | F81: =+E81/D81*100 -> 98.880996 | G81: =+F81 -> 98.880996
C82: Penataan Peningkatan Infrastruktur Kawasan Pemukiman di Kabupaten Nabire | D82: 1000000000 | E82: 921733900 | F82: =+E82/D82*100 -> 92.17339 | G82: =+F82 -> 92.17339
C83: Penataan Peningkatan Infrastruktur Kawasan Pemukiman di Kabupaten Jayapura | D83: 1000000000 | E83: 981333000 | F83: =+E83/D83*100 -> 98.1333 | G83: =+F83 -> 98.1333
C84: Penataan Peningkatan Infrastruktur Kawasan Pemukiman di Kabupaten Biak | D84: 1000000000 | E84: 930542200 | F84: =+E84/D84*100 -> 93.05422 | G84: =+F84 -> 93.05422
C85: Penataan Peningkatan Infrastruktur Kawasan Pemukiman di Kabupaten Keerom | D85: 1500000000 | E85: 1498085000 | F85: =+E85/D85*100 -> 99.872333 | G85: =+F85 -> 99.872333
C86: Program Lingkungan Sehat Perumahan | D86: 1800000000 | E86: 1736102600 | F86: =+E86/D86*100 -> 96.450144 | G86: =+F86 -> 96.450144
C87: Penataan peningkatan infrastruktur pemukiman kawasan kumuh di Kota Jayapura (APO dan Kloofkamp) | D87: 1800000000 | E87: 1736102600 | F87: =+E87/D87*100 -> 96.450144 | G87: =+F87 -> 96.450144
C88: Program perbaikan perumahan akibat bencana alam/sosial | D88: 1200000000 | E88: 1153900000 | F88: =+E88/D88*100 -> 96.158333 | G88: =+F88 -> 96.158333
C89: Fasilitasi dan stimulasi rahabilitasi rumah akibat bencana alam | D89: 1200000000 | E89: 1153900000 | F89: =+E89/D89*100 -> 96.158333 | G89: =+F89 -> 96.158333
C91: Dinas Perhubungan | D91: =+D92+D96+D99+D135 -> 175000000000 | E91: =+E92+E96+E99+E118 -> 70395014757 | F91: =+E91/D91*100 -> 40.225723 | G91: =+F91 -> 40.225723
C92: Program Pembangunan Prasarana dan Fasilitas Perhubungan | D92: =+D93+D94+D95 -> 4137400000 | E92: 1488851862 | F92: =+E92/D92*100 -> 35.985205 | G92: =+F92 -> 35.985205
C93: Pengadaan dan Pemasangan Fasilitas Keamanan Penerbangan di VIP Room Bandara Sentani Jayapura | D93: 1502500000 | E93: 1305923400 | F93: =+E93/D93*100 -> 86.916699 | G93: =+F93 -> 86.916699
C94: Penyusunan RTT Lapter Obio di Kabupaten Yahukimo | D94: 880900000 | E94: 153053862 | F94: =+E94/D94*100 -> 17.374715 | G94: =+F94 -> 17.374715
C95: Penyusunan SID dan DED Dermaga Danau Bunauwo di Kabupaten Dogiyai | D95: 1754000000 | E95: 29874600 | F95: =+E95/D95*100 -> 1.7032269 | G95: =+F95 -> 1.7032269
C96: Program peningkatan pelayanan angkutan | D96: 4089000000 | E96: 3330272500 | F96: =+E96/D96*100 -> 81.444669 | G96: =+F96 -> 81.444669
C97: Pengadaan Angkutan Pedesaan | D97: 2006500000 | E97: 1720207700 | F97: =+E97/D97*100 -> 85.731757 | G97: =+F97 -> 85.731757
C98: Pengadaan Bus Penunjang Kegiatan PON XX | D98: 2082500000 | E98: 1610064800 | F98: =+E98/D98*100 -> 77.314036 | G98: =+F98 -> 77.314036
C99: Program Pembangunan Sarana dan Prasarana Perhubungan | D99: =SUM(D100:D121) -> 164311100000 | E99: 60719737367 | F99: =+E99/D99*100 -> 36.95413 | G99: =+F99 -> 36.95413
C100: Pembangunan Pelabuhan Laut Waren di Kabupaten Waropen | D100: 5703600000 | E100: 2155231203 | F100: =+E100/D100*100 -> 37.787208 | G100: =+F100 -> 37.787208
C101: Pembangunan Pelabuhan Laut Miosbipondi di Kabupaten Supiori | D101: 5921500000 | E101: 5555147176 | F101: =+E101/D101*100 -> 93.813175 | G101: =+F101 -> 93.813175
C102: Pembangunan Pelabuhan Perintis Pulau Mambor di Kabupaten Nabire | D102: 4342500000 | E102: 3931578571 | F102: =+E102/D102*100 -> 90.537215 | G102: =+F102 -> 90.537215
C103: Pembangunan Pelabuhan Ampimoi di Kabupaten Kepulauan Yapen | D103: 5282500000 | E103: 2025459874 | F103: =+E103/D103*100 -> 38.342828 | G103: =+F103 -> 38.342828
C104: Pembangunan Bandar Udara Botawa di Kabupaten Waropen | D104: 5350500000 | E104: 999466055 | F104: =+E104/D104*100 -> 18.679863 | G104: =+F104 -> 18.679863
C105: Pembangunan Bandar Udara Mamit di Kabupaten Tolikara | D105: 25476500000 | E105: 0 | F105: =+E105/D105*100 -> 0 | G105: =+F105 -> 0
...

Sheet A.10 
B2: REKAPITULASI ALOKASI DAN REALISASI PENGGUNAAN DANA TAMBAHAN INFRASTRUKTUR
B3: DIURAIKAN BERDASARKAN, ORGANISASI, PROGRAM/KEGIATAN
B4: TAHUN ANGGARAN 2019
B6: PROVINSI : PAPUA
B7: PENERIMAAN : Rp 2.824.446.537.000 | M7: Tabel A.10
B9: NO. | C9: U R A I A N | D9: PERMINTAAN PENYALURAN TAHAP I | G9: PERMINTAAN PENYALURAN TAHAP II | K9: PERMINTAAN PENYALURAN TAHAP III | O9: KET
D10: ALOKASI ANGGARAN (Rp.) | F10: PROSENTASE ALOKASI ANGGARAN (%) | G10: ALOKASI ANGGARAN (Rp.) | H10: REALISASI ANGGARAN (Rp.) | I10: PROSENTASE REALISASI ANGGARAN (%) | J10: CAPAIAN OUTPUT (%) | K10: ALOKASI ANGGARAN (Rp.) | L10: REALISASI ANGGARAN (Rp.) | M10: PROSENTASE REALISASI ANGGARAN (%) | N10: CAPAIAN OUTPUT (%)
B11: (1) | C11: (2) | D11: (3) | F11: (4) | G11: (5) | H11: (6) | I11: (7) | J11: (8) | K11: (9) | L11: (10) | M11: (11) | N11: (12) | O11: (13)
B13: A | C13: PROVINSI | D13: =+D14+D84+D119+D130+D145+D149 -> 2824446537000 | E13: 2824446537000 | F13: =D13/E13*100 -> 100
C14: Dinas Pekerjaan Umum | D14: =+D15+D24+D26+D28+D31+D33+D38+D46+D55+D67+D70 -> 1724446537000 | E14: 2824446537000 | F14: =D14/E14*100 -> 61.054317
C15: Program Pembangunan Jalan dan Jembatan | D15: 484292816495 | E15: 2824446537000 | F15: =D15/E15*100 -> 17.146468
C16: Pembangunan Jalan Burmeso - Gesa - Barapasi (118), 194,60 Km | D16: 40000000000 | E16: 2824446537000 | F16: =D16/E16*100 -> 1.4162067
C17: Pembangunan Jalan Burmeso - Sikari (119) | D17: 20000000000 | E17: 2824446537000 | F17: =D17/E17*100 -> 0.70810333
C18: Pembangunan Jalan Keppi - Bade (181) | D18: 21650000000 | E18: 2824446537000 | F18: =D18/E18*100 -> 0.76652186
C19: Pembangunan Jalan Nume - Tiom | D19: 40000000000 | E19: 2824446537000 | F19: =D19/E19*100 -> 1.4162067
C20: Pembangunan Jalan Mamit -Umagi | D20: 35000000000 | E20: 2824446537000 | F20: =D20/E20*100 -> 1.2391808
C21: Pembangunan Jalan Arso XIV (Keerom) - Sawia - Kwarja (114) 60 Km | D21: 20000000000 | E21: 2824446537000 | F21: =D21/E21*100 -> 0.70810333
C22: Pembangunan Jembatan Liba Kampung Harapan Dalam (PON XX) | D22: 19957628000 | E22: 2824446537000 | F22: =D22/E22*100 -> 0.70660314
C23: Pembangunan Jalan dan Jembatan Prov Papua | D23: 287685188495 | E23: 2824446537000 | F23: =D23/E23*100 -> 10.185542
C24: Program Pembangunan saluran drainase/gorong-gorong | D24: 46367296000 | E24: 2824446537000 | F24: =D24/E24*100 -> 1.6416418
C25: Pembangunan Drainase di Provinsi Papua | D25: 46367296000 | E25: 2824446537000 | F25: =D25/E25*100 -> 1.6416418
C26: Program Pembangunan turap/talud/brojong | D26: 40998900000 | E26: 2824446537000 | F26: =D26/E26*100 -> 1.4515729
... C82: Persiapan Akreditaasi Laboratorium | D82: 400000000 | E82: 2824446537000 | F82: =D82/E82*100 -> 0.014162067
E83: 2824446537000 | F83: =D83/E83*100 -> 0
C84: Dinas Perhubungan | D84: =+D85+D89+D91+D93+D107+D116 -> 100000000000 | E84: 2824446537000 | F84: =D84/E84*100 -> 3.5405167
C85: Program Pembangunan Prasarana dan Fasilitas Perhubungan | D85: 3794250000 | E85: 2824446537000 | F85: =D85/E85*100 -> 0.13433605
C86: Penyusunan RTT Sisi Udara dan Sisi Darat Pembangunan Bandar Udara Fawi di Kabupaten Puncak Jaya | D86: 1690500000 | E86: 2824446537000 | F86: =D86/E86*100 -> 0.059852434
C87: Studi Pemilihan Lokasi dan Kelayakan Pelabuhan Perintis | D87: 894250000 | E87: 2824446537000 | F87: =D87/E87*100 -> 0.03166107
C88: Penyusunan Masterplan Angkutan Penunjang PON | D88: 1209500000 | E88: 2824446537000 | F88: =D88/E88*100 -> 0.042822549
C89: Program Rehabilitasi dan Pemeliharaan Prasarana dan Fasilitas LLAJ | D89: 515000000 | E89: 2824446537000 | F89: =D89/E89*100 -> 0.018233661
C90: Rehabilitasi/Pemeliharaan Lampu APILL | D90: 515000000 | E90: 2824446537000 | F90: =D90/E90*100 -> 0.018233661
C91: Program peningkatan pelayanan angkutan | D91: 5263500000 | E91: 2824446537000 | F91: =D91/E91*100 -> 0.18635509
C92: Pengadaan Angkutan Umum | D92: 5263500000 | E92: 2824446537000 | F92: =D92/E92*100 -> 0.18635509
C93: Program Pembangunan Sarana dan Prasarana Perhubungan | D93: 75944600000 | E93: 2824446537000 | F93: =D93/E93*100 -> 2.6888312
C94: Pembangunan Pelabuhan Laut Waren di Kabupaten Waropen | D94: 4402200000 | E94: 2824446537000 | F94: =D94/E94*100 -> 0.15586062
C95: Pembangunan Bandar Udara Botawa di Kabupaten Waropen | D95: 4044350000 | E95: 2824446537000 | F95: =D95/E95*100 -> 0.14319089
C96: Pembangunan Bandar Udara Mamit di Kabupaten Tolikara | D96: 10617500000 | E96: 2824446537000 | F96: =D96/E96*100 -> 0.37591436
... C117: Penyusunan PEP RAD-GRK dan Inventarisasi Emisi GRK sektor Transportasi | D117: 234400000 | E117: 2824446537000 | F117: =D117/E117*100 -> 0.008298971
E118: 2824446537000 | F118: =D118/E118*100 -> 0
C119: Dinas Komunikasi dan Informatika | D119: =+D120+D124 -> 47000000000 | E119: 2824446537000 | F119: =D119/E119*100 -> 1.6640428
C120: Program pengembangan komunikasi, informasi dan media massa | D120: 10165716250 | E120: 2824446537000 | F120: =D120/E120*100 -> 0.35991888
C121: Pengembangan fasilitas multi media/display | D121: 8667278000 | E121: 2824446537000 | F121: =D121/E121*100 -> 0.30686642
C122: Pengamanan, Pengendalian dan Pembuatan Sistem Pelaporan Operasionalisasi JARKOMDA | D122: 899600000 | E122: 2824446537000 | F122: =D122/E122*100 -> 0.031850488
C123: Pengembangan Sistem Website Pemerintah Provinsi Papua | D123: 598838250 | E123: 2824446537000 | F123: =D123/E123*100 -> 0.021201968
C124: Penyiapan Teknologi Informasi dan Komunikasi | D124: 36834283750 | E124: 2824446537000 | F124: =D124/E124*100 -> 1.304124
C125: Jasa Berlangganan Fasilitas Komunikasi Data Antar SKPD Di Lingkungan Pemerintah Provinsi Papua Dan Masyarakat | D125: 7040690000 | E125: 2824446537000 | F125: =D125/E125*100 -> 0.2492768
C126: Pengembangan/pembangunan JARKOMDA di lingkungan pemerintah | D126: 1077830000 | E126: 2824446537000 | F126: =D126/E126*100 -> 0.038160751
C127: Pembangunan Command Center PON XX | D127: 2477180000 | E127: 2824446537000 | F127: =D127/E127*100 -> 0.08770497
C128: Pembangunan sistem aplikasi penyelenggaraan PON XX | D128: 26238583750 | E128: 2824446537000 | F128: =D128/E128*100 -> 0.92898143
E129: 2824446537000 | F129: =D129/E129*100 -> 0
C130: Dinas Olah Raga dan Pemuda | D130: =+D131+D137+D139 -> 850000000000 | E130: 2824446537000 | F130: =D130/E130*100 -> 30.094392
C131: Program Peningkatan Sarana dan Prasarana Olahraga | D131: 253678303000 | E131: 2824446537000 | F131: =D131/E131*100 -> 8.9815226
C132: Peningkatan pembangunan sarana dan prasarana olahraga | D132: 105576163000 | E132: 2824446537000 | F132: =D132/E132*100 -> 3.7379416
C133: Rehabilitasi dan Renovasi Sarana dan Prasarana olahraga | D133: 18806638000 | E133: 2824446537000 | F133: =D133/E133*100 -> 0.66585215
C134: Pembangunan Gedung Olahraga STT GIDI di Kabupaten Jayapura | D134: 88771502000 | E134: 2824446537000 | F134: =D134/E134*100 -> 3.1429698
C135: Rehabilitasi Gedung Olahraga Cenderawasih | D135: 31774000000 | E135: 2824446537000 | F135: =D135/E135*100 -> 1.1249638
C136: Pembangunan Gudang Peralatan Olahraga | D136: 8750000000 | E136: 2824446537000 | F136: =D136/E136*100 -> 0.30979521
C137: Pengembangan Prasarana PON | D137: 115524000000 | E137: 2824446537000 | F137: =D137/E137*100 -> 4.0901465
C138: Pembangunan Stadion Utama | D138: 115524000000 | E138: 2824446537000 | F138: =D138/E138*100 -> 4.0901465
C139: Program Pembangunan dan Pengembangan sarana dan prasarana olahraga yang berstandar nasional dan Internasional | D139: 480797697000 | E139: 2824446537000 | F139: =D139/E139*100 -> 17.022723
C140: Pembangunan Arena Menembak | D140: 116443091000 | E140: 2824446537000 | F140: =D140/E140*100 -> 4.122687
C141: Pembangunan Lapangan Tenis | D141: 179267187000 | E141: 2824446537000 | F141: =D141/E141*100 -> 6.3469846
C142: Pembangunan Lapangan Softball dan Baseball | D142: 165063419000 | E142: 2824446537000 | F142: =D142/E142*100 -> 5.8440978
C143: Pembangunan GOR Futsal | D143: 20024000000 | E143: 2824446537000 | F143: =D143/E143*100 -> 0.70895305
C145: Badan Perencanaan Pembangunan Daerah | D145: =+D146 -> 1000000000 | E145: 2824446537000 | F145: =D145/E145*100 -> 0.035405167
C146: Program Perencanaan Pembangunan Fisik Prasarana dan Lingkungan Hidup | D146: 1000000000 | E146: 2824446537000 | F146: =D146/E146*100 -> 0.035405167
C147: Rapat Koordinasi Pembangunan Infrastruktur | D147: 1000000000 | E147: 2824446537000 | F147: =D147/E147*100 -> 0.035405167
C149: Badan Pengelola Keuangan dan Asset Daerah | D149: =+D150 -> 102000000000 | E149: 2824446537000 | F149: =D149/E149*100 -> 3.611327
C150: Non Program | D150: 102000000000 | E150: 2824446537000 | F150: =D150/E150*100 -> 3.611327
C151: Non Kegiatan | D151: 102000000000 | E151: 2824446537000 | F151: =D151/E151*100 -> 3.611327
C152: JUMLAH | D152: =+D14+D84+D119+D130+D145+D149 -> 2824446537000 | F152: =D152/D152*100 -> 100

Sheet Sheet1
C2: PROVINSI PAPUA
C3: KABUPATEN/KOTA
C4: 1. KABUPATEN MERAUKE
C5: 2. KABUPATEN JAYAWIJAYA
C6: 3. KABUPATEN JAYAPURA
C7: 4. KABUPATEN NABIRE | H7: 1557405258400
C8: 5. KABUPATEN KEP. YAPEN | H8: 389351314600
C9: 6. KABUPATEN BIAK NUMFOR | H9: =SUM(H7:H8) -> 1946756573000
C10: 7. KABUPATEN PANIAI
C11: 8. KABUPATEN PUNCAK JAYA
C12: 9. KABUPATEN MIMIKA
C13: 10. KABUPATEN BOVEN DIGOEL
C14: 11. KABUPATEN MAPPI
C15: 12. KABUPATEN ASMAT
C16: 13. KABUPATEN YAHUKIMO
C17: 14. KABUPATEN PEG. BINTANG
C18: 15. KABUPATEN TOLIKARA
C19: 16. KABUPATEN SARMI
C20: 17. KABUPATEN KEEROM
C21: 18. KABUPATEN WAROPEN
... C32: 29. KOTA JAYAPURA
G41: Belanja Urusan Bersama HITUNG ULANG PERGUB | H41: =+H42+H43+H44+H45+H46+H47+H48+H49+H50 -> 3869954897490
G42: Pendidikan (Bea Siswa Unggulan Papua dan Pendidikan Lainnya | H42: 510880370590
G43: KPS dan Rs | H43: 724991000000
G44: Ekonomi | H44: 60229000000
G45: Perumahan dan Fasilitasm Umum | H45: 100844000000
G46: Bangga Papua | H46: 163303000000
G47: Keagamaan | H47: 70200000000
G48: Pengalihan Kewenangan | H48: 915606526900
G49: PON XX | H49: 1059901000000
G50: Perencanaan dan Kelmbagaan Khusus | H50: 264000000000 | I50: =SUM(H42:H50) -> 3869954897490
G51: TOTAl UB | H51: =SUM(H42:H50) -> 3869954897490
G53: Kab/kota 80 % | H53: 1557405258400
G54: provinsi 20 % | H54: 389351314600
G55: TOTAL | H55: 1946756573000 | I55: =+H55+I50 -> 5816711470490
G57: pergub urusan bersama DI PERGUB | H57: 3861473585000 | I57: =+I55-H61 -> 8481312490
H58: =+H51-H57 -> 8481312490
G60: HITUNG ULANG DI PERGUB | H60: =+H51+H55 -> 5816711470490
G61: PAGU PERDA APBD | H61: 5808230158000
G62: SELISIH ANTARA PERGUB DAN PERDA | H62: =+H60-H61 -> 8481312490
